 Dungeon Crawl Stone Soup version 0.31-a0-988-g08d55dae12 (webtiles) character file.

Game seed: 16723520710153154503

16503974 RepoMan the Barachian Barricade (level 26, 266/266 HPs)
             Began as a Barachi Reaver on Nov 1, 2023.
             Was the Champion of Ru.
             Escaped with the Orb
             ... and 15 runes on Nov 5, 2023!
             The game lasted 15:04:29 (94413 turns).

RepoMan the Barachian Barricade (Barachi Reaver)   Turns: 94413, Time: 15:04:29

Health: 266/266    AC: 28    Str: 12    XL:     26
Magic:  38/61      EV: 20    Int: 42    God:    Ru [******]
Gold:   6475       SH: 37    Dex: 20    Spells: 6/73 levels left

rFire   + + .        w - +12 broad axe of Melee {flame, rElec rF+}
rCold   + + +        n - +18 shield of the Gong {Loud rN+ Will+ rCorr EV-5}
rNeg    + + +        i - +6 faerie dragon scales {Regen+ rCorr Int+3 Dex+3}
rPois   ∞            L - +3 hat of Pondering {ponderous, Will+ MP+10 Int+5}
rElec   +            Z - scarf {rC+ rF+}
rCorr   +            y - +2 pair of gloves
SInv    .            r - +2 pair of boots
Will    ++++.        l - amulet of the Scavenger {RegenMP Int+4} Stlth
                     Y - ring "Waxoss" {rPois rF+ Int+8 Dex-3 Stlth-}
HPRegen 1.44/turn    e - ring of Jiroizoy {Contam Fly rC++ Dex+6}
MPRegen 0.77/turn

%: no passive effects
@: exhausted, death-form, unable to hop, flying, very slightly contaminated,
very slow
A: vile attack, torment immunity, no potions, amphibious, slowness 1, no
stealth, inability to use devices, inexperienced 1, temperature sensitive,
strong legs 2, +LOS, robust 1, weak 1
0: Orb of Zot
}: 15/15 runes: decaying, serpentine, slimy, silver, golden, iron, obsidian,
icy, bone, abyssal, demonic, glowing, magical, fiery, dark
a: Hop, Siphon Essence, Begin Untransformation, Renounce Religion, Draw Out
Power, Power Leap, Apocalypse


You escaped.
You worshipped Ru.
Ru was exalted by your worship.
You were an undying horror.
You visited 18 branches of the dungeon, and saw 87 of its levels.
You visited Pandemonium 3 times, and saw 18 of its levels.
You visited the Abyss 1 time.
You visited 1 ziggurat, and saw 7 of its levels.
You also visited: Trove, Ossuary, Bailey, Gauntlet and Ice Cave.

You collected 11870 gold pieces.
You spent 5395 gold pieces at shops.

Inventory:

Hand Weapons
 w - the +12 broad axe of Melee (weapon) {flame, rElec rF+}
   (You found it on level 5 of the Pits of Slime)

   rF+:       It protects you from fire.
   rElec:     It insulates you from electricity.
Missiles
 x - 16 javelins
 A - 3 throwing nets
 T - 8 curare-tipped darts
Armour
 g - the +1 helmet of Voezulid {Fly rPois rCorr Str-2}
   (You found it in Pandemonium)

   Str-2:     It affects your strength (-2).
   rPois:     It protects you from poison Fly: It grants you flight.
   rCorr:     It protects you from acid and corrosion.
 i - the +6 faerie dragon scales (worn) {Regen+ rCorr Int+3 Dex+3}
   (You took it off the Enchantress on level 4 of the Depths)

   Int+3:     It affects your intelligence (+3).
   Dex+3:     It affects your dexterity (+3).
   Regen+:    It increases your rate of health regeneration.
   rCorr:     It protects you from acid and corrosion.
 n - the +18 shield of the Gong (worn) {Loud rN+ Will+ rCorr EV-5}
   (You found it on level 3 of the Elven Halls)

   Loud:      It is deafeningly noisy when blocking attacks.
   EV-5:      It affects your evasion (-5).
   rN+:       It protects you from negative energy.
   Will+:     It increases your willpower.
   rCorr:     It protects you from acid and corrosion.
 q - the +1 hat of Optimism {rElec}
   (You found it in a Gauntlet)

   rElec:     It insulates you from electricity.
 r - a +2 pair of boots (worn)
 y - a +2 pair of gloves (worn)
 B - a +0 cloak of willpower
 E - the sphere of Battle
   (You took it off a balrug on level 7 of Gehenna)

   Battle:    It summons a battlesphere in combat, with strength depending on
   Conjurations skill.
   Destructive: It enhances your destructive magic, and weakens non-destructive
   magic.
 K - a +3 tower shield of resistance
 L - the +3 hat of Pondering (worn) {ponderous, Will+ MP+10 Int+5}
   (You found it on level 7 of Gehenna)

   Int+5:     It affects your intelligence (+5).
   Will+:     It increases your willpower.
   MP+10:     It affects your magic capacity (+10).
 Z - a scarf of resistance (worn)
Magical Staves
 a - the staff "Weeshuogu" {rElec rF+ Air}
   (You found it on level 7 of the Iron City of Dis)

   [staff of air]

   Base accuracy: +5 Base damage: 5 Base attack delay: 1.2 This weapon's minimum
   attack delay (0.6) is reached at skill level 12.
   rF+:       It protects you from fire.
   rElec:     It insulates you from electricity.
   Air:       It increases the power of your Air spells.
   It falls into the 'Staves' category.
   It is a one-handed weapon.
 c - the staff of Ruroumma {rC+ Str+3 SInv Ice}
   (You found it on level 4 of the Vaults)

   [staff of cold]

   Base accuracy: +5 Base damage: 5 Base attack delay: 1.2 This weapon's minimum
   attack delay (0.6) is reached at skill level 12.
   Str+3:     It affects your strength (+3).
   rC+:       It protects you from cold.
   SInv:      It lets you see invisible.
   Ice:       It increases the power of your Ice spells.
   It falls into the 'Staves' category.
   It is a one-handed weapon.
 s - the staff of Ujezaamn {rPois rC+ Will++ Poison}
   (You found it on level 3 of the Elven Halls)

   [staff of poison]

   Base accuracy: +5 Base damage: 5 Base attack delay: 1.2 This weapon's minimum
   attack delay (0.6) is reached at skill level 12.
   rC+:       It protects you from cold.
   rPois:     It protects you from poison Will++: It greatly increases your
   willpower.
   Poison:    It increases the power of your Poison spells.
   It falls into the 'Staves' category.
   It is a one-handed weapon.
Jewellery
 d - the ring of Biudifas {Will+ AC+4 Int+4}
   (You found it on level 7 of a ziggurat)

   [ring of protection]

   AC+4:      It affects your AC (+4).
   Int+4:     It affects your intelligence (+4).
   Will+:     It increases your willpower.
 e - the ring of Jiroizoy (right hand) {Contam Fly rC++ Dex+6}
   (You found it on level 4 of the Lair of Beasts)

   [ring of flight]

   Dex+6:     It affects your dexterity (+6).
   rC++:      It greatly protects you from cold.
   Fly:       It grants you flight.
   Contam:    It causes magical contamination when unequipped.
 k - a +4 ring of slaying
 l - the amulet of the Scavenger (around neck) {RegenMP Int+4}
   (You found it in a Gauntlet)

   [amulet of magic regeneration]

   RegenMP:   It increases your rate of magic regeneration.
   Int+4:     It affects your intelligence (+4).
 u - the ring "Lirit" {rPois rF++ Str+3}
   (You took it off a crimson imp in Pandemonium)

   [ring of poison resistance]

   Str+3:     It affects your strength (+3).
   rF++:      It greatly protects you from fire.
   rPois:     It protects you from poison
 Y - the ring "Waxoss" (left hand) {rPois rF+ Int+8 Dex-3 Stlth-}
   (You found it on level 5 of the Pits of Slime)

   [ring of protection from fire]

   Int+8:     It affects your intelligence (+8).
   Dex-3:     It affects your dexterity (-3).
   rF+:       It protects you from fire.
   rPois:     It protects you from poison Stlth-: It makes you less stealthy.
Talismans
 D - a talisman of death (active)
Scrolls
 h - 14 scrolls of amnesia
 j - 5 scrolls of fog
 t - 10 scrolls of immolation
 v - 6 scrolls of silence
 z - 4 scrolls of teleportation
 F - a scroll of butterflies
 I - 19 scrolls of enchant weapon
 J - 3 scrolls of brand weapon
 P - 13 scrolls of vulnerability
 V - 4 scrolls of poison
 W - 14 scrolls of fear
Potions
 b - 2 potions of cancellation
 f - a potion of magic
 m - 18 potions of curing
 o - 11 potions of might
 p - a potion of berserk rage
 C - 9 potions of lignification
 G - 2 potions of invisibility
 H - 2 potions of haste
 M - 3 potions of enlightenment
 O - 2 potions of ambrosia
 R - 8 potions of resistance
Miscellaneous
 N - a figurine of a ziggurat


   Skills:
 O Level 27 Fighting
 + Level 15.5(17.6) Axes
 - Level 14.0(16.8) Maces & Flails
 - Level 19.9 Armour
 - Level 19.9 Dodging
 O Level 27 Shields
 * Level 24.3 Spellcasting
 + Level 25.0 Conjurations
 - Level 3.3 Necromancy
 - Level 7.7 Translocations
 - Level 3.3 Transmutations
 O Level 27 Ice Magic
 O Level 27 Air Magic
 - Level 23.3 Shapeshifting


You had 6 spell levels left.
You knew the following spells:

 Your Spells              Type           Power      Damage    Failure   Level
b - Blink                 Tloc           100%       N/A       1%          2
f - Freezing Cloud        Conj/Ice/Air   67%        6-21      0%          5
g - Apportation           Tloc           100%       N/A       1%          1
h - Hailstorm             Conj/Ice       100%       3d20      0%          3
o - Ozocubu's Refrigerat  Ice            67%        4d22      0%          7
p - Passwall              Tmut/Erth      50%        N/A       1%          2
q - Magic Dart            Conj           100%       1d8       0%          1
v - Vhi's Electric Charg  Tloc/Air       100%       N/A       0%          4
x - Irradiate             Conj/Tmut      53%        3d29      1%          5
y - Yara's Violent Unrav  Hex/Tmut       30%        3d13      6%          5
L - Chain Lightning       Conj/Air       66%        3d88      1%          9
M - Maxwell's Capacitive  Air            67%        ∞         1%          8
S - Simulacrum            Ice/Necr       54%        N/A       1%          6
V - Polar Vortex          Ice            67%        12d9*     1%          9

Your spell library contained the following spells:

 Spells                   Type           Power      Damage    Failure   Level
 Foxfire                  Conj/Fire      100%       2x1d9     0%          1
 Freeze                   Ice            100%       1d10      0%          1
 Kiss of Death            Conj/Necr      100%       2d13      0%          1
 Shock                    Conj/Air       100%       1d9       0%          1
 Cigotuvi's Dreadful Rot  Necr/Pois/Air  100%       N/A       0%          2
 Ensorcelled Hibernation  Hex/Ice        100%       N/A       0%          2
 Momentum Strike          Conj/Tloc      100%       3d10      0%          2
 Poisonous Vapours        Pois/Air       100%       N/A       0%          2
 Searing Ray              Conj           100%       2d8       0%          2
 Static Discharge         Conj/Air       100%       3-8/arc   0%          2
 Dazzling Flash           Conj/Hex       100%       N/A       0%          3
 Frozen Ramparts          Ice            100%       1d16      0%          3
 Mephitic Cloud           Conj/Pois/Air  100%       N/A       0%          3
 Ozocubu's Armour         Ice            100%       N/A       0%          3
 Stone Arrow              Conj/Erth      100%       3d13      0%          3
 Swiftness                Air            100%       N/A       0%          3
 Airstrike                Air            67%        2d(10-26) 0%          4
 Arcjolt                  Conj/Air       66%        1d76      0%          5
 Iskenderun's Battlesphe  Conj           100%       2d15      0%          5
 Conjure Ball Lightning   Conj/Air       66%        3x3d25    0%          6
 Necrotise                Necr           100%       1d9       1%          1
 Sandblast                Erth           100%       2d20      1%          1
 Slow                     Hex            100%       N/A       1%          1
 Summon Small Mammal      Summ           100%       N/A       1%          1
 Jinxbite                 Hex            100%       N/A       1%          2
 Lesser Beckoning         Tloc           100%       N/A       1%          2
 Sublimation of Blood     Necr           68%        N/A       1%          2
 Wereblood                Tmut           68%        N/A       1%          2
 Confusing Touch          Hex            50%        N/A       1%          3
 Gell's Gravitas          Tloc           86%        N/A       1%          3
 Ignite Poison            Fire/Tmut/Pois 57%        N/A       1%          3
 Inner Flame              Hex/Fire       50%        N/A       1%          3
 Summon Guardian Golem    Hex/Summ       50%        N/A       1%          3
 Teleport Other           Tloc           86%        N/A       1%          3
 Tukima's Dance           Hex            50%        N/A       1%          3
 Vampiric Draining        Necr           68%        2d10      1%          3
 Volatile Blastmotes      Fire/Tloc      100%       2d18      1%          3
 Brom's Barrelling Bould  Conj/Erth      100%       2d11      1%          4
 Dispel Undead            Necr           68%        3d23      1%          4
 Fulminant Prism          Conj/Hex       51%        3d23      1%          4
 Manifold Assault         Tloc           86%        N/A       1%          4
 Passage of Golubria      Tloc           86%        N/A       1%          4
 Sticky Flame             Conj/Fire      100%       2d11      1%          4
 Summon Ice Beast         Ice/Summ       100%       N/A       1%          4
 Summon Lightning Spire   Summ/Air       100%       N/A       1%          4
 Fireball                 Conj/Fire      51%        3d20      1%          5
 Metabolic Englaciation   Hex/Ice        52%        N/A       1%          5
 Silence                  Hex/Air        52%        N/A       1%          5
 Bombard                  Conj/Erth      51%        9d9       1%          6
 Plasma Beam              Fire/Air       52%        2x1d67    1%          6
 Starburst                Conj/Fire      51%        6d14      1%          6
 Anguish                  Hex/Necr       30%        N/A       2%          4
 Petrify                  Tmut/Erth      60%        N/A       2%          4
 Summon Forest            Summ/Tloc      35%        N/A       2%          5
 Agony                    Necr           68%        N/A       3%          5
 Dispersal                Tloc           43%        N/A       3%          6
 Animate Armour           Summ/Erth      100%       N/A       4%          4
 Cause Fear               Hex            25%        N/A       4%          4
 Olgreb's Toxic Radiance  Pois           50%        N/A       4%          4
 Alistair's Intoxication  Tmut/Pois      40%        N/A       6%          5
 Borgnjor's Vile Clutch   Necr/Erth      30%        N/A       6%          5
 Lee's Rapid Deconstruct  Erth           25%        3d14*     12%         5
 Summon Mana Viper        Hex/Summ       50%        N/A       12%         5
 Death Channel            Necr           34%        N/A       19%         6
 Eringya's Noxious Bog    Tmut/Pois      30%        4d6       34%         6
 Summon Cactus Giant      Summ           25%        N/A       56%         6
 Orb of Destruction       Conj           66%        9d16      0%          7
 Spellforged Servitor     Conj/Summ      51%        N/A       2%          7
 Lehudib's Crystal Spear  Conj/Erth      51%        10d12     17%         8
 Malign Gateway           Summ/Tloc      35%        N/A       61%         7
 Disjunction              Tloc           43%        N/A       77%         8
 Haunt                    Necr/Summ      30%        N/A       89%         7
 Fire Storm               Conj/Fire      51%        8d13      95%         9
 Enfeeble                 Hex            25%        N/A       98%         7
 Summon Hydra             Summ           25%        N/A       98%         7
 Borgnjor's Revivificati  Necr           34%        N/A       100%        8
 Discord                  Hex            25%        N/A       100%        8
 Ignition                 Fire           25%        3d8       100%        8
 Summon Horrible Things   Summ           25%        N/A       100%        8
 Death's Door             Necr           34%        N/A       100%        9
 Dragon's Call            Summ           25%        N/A       100%        9
 Shatter                  Erth           25%        3d21*     100%        9


Dungeon Overview and Level Annotations

Branches:
Dungeon (15/15)            Temple (1/1) D:5            Lair (5/5) D:11
  Swamp (4/4) Lair:3        Snake (4/4) Lair:2        Slime (5/5) Lair:4
    Orc (2/2) D:11            Elf (3/3) Orc:2        Vaults (5/5) D:13
  Crypt (3/3) Vaults:3       Tomb (3/3) Crypt:3      Depths (4/4) D:15
   Hell (visited)             Dis (7/7) Hell            Geh (7/7) Hell
    Coc (7/7) Hell            Tar (7/7) Hell            Zot (5/5) Depths:4
Ossuary (visited)          Bailey (visited)           IceCv (visited)
Gauntlet (visited)

Altars:
Ashenzari
Cheibriados
Dithmenos
Elyvilon
Fedhas
Gozag
Hepliaklqana
Kikubaaqudgha
Makhleb
Nemelex Xobeh
Okawaru
Qazlal
Ru
Sif Muna
Trog
Uskayaw
Vehumet
Wu Jian
Xom
Yredelemnul
Zin
The Shining One
Jiyva

Shops:
D:3 *   D:9 (   D:13 *   D:14 *   Orc:2 =([?   Elf:1 =:=   Elf:2 =   Snake:3 *?
Snake:4 *   Vaults:4 [   Depths:1 *   Depths:2 *:   Depths:4 *!=*:

Portals:
Hell: Depths:1 Depths:2 Depths:3 Depths:4
Abyss: Depths:2* Depths:3 Depths:4
Pandemonium: Depths:2 Depths:3

Annotations:
D:4 1 runed translucent door, Crazy Yiuf
D:6 1 runed translucent door, AIAndy's ghost, novice OpSh
Lair:2 2 transporters, tish's ghost, journeyman OpSh
Swamp:1 2 transporters, topfpfpflanze's ghost, journeyman FeCj
Crypt:1 exclusion: downstairs
Crypt:2 36 runed doors
Tar:7 Ereshkigal


Innate Abilities, Weirdness & Mutations

You are an undying horror.
Your melee and unarmed attacks drain, slow and weaken victims.
You are immune to unholy pain and torment.
You cannot drink.
You are immune to poison.
You are amphibious.
You cover ground slowly.
You cannot be stealthy.
You cannot study or use magical devices.
You are somewhat inexperienced. (-1 XL)
You are sensitive to extremes of temperature. (rF-, rC-)
You can hop long distances.
You have an extended range of vision and can be seen from far away.
You are robust. (+10% HP)
You are weak. (Str -2)


Message History

Confirm with . or Enter, or press ? or * to list all spells.
Casting: Hailstorm (safe; 0% risk of failure)
Press: ? - help, Dir - look around, f - activate A cannonade of hail descends around you!
The hail misses the hell beast.
You hit the hell beast.
The hell beast decays.
You burn the hell beast.
The hell beast is lightly wounded.
You block the hell beast's attack.
PTOANNNG!
The hell beast completely misses you.
Casting: Hailstorm (safe; 0% risk of failure)
Confirm with . or Enter, or press ? or * to list all spells.
You erupt in a fountain of uncontrolled magic!
The hell beast is blasted with magical radiation!!!
The hell beast is heavily wounded.
You are lightly contaminated with residual magic.
You block the hell beast's attack.
PANG!
You block the hell beast's attack.
GONNNNG!
You slash the hell beast!
The hell beast decays.
You burn the hell beast.
The hell beast is severely wounded.
You block the hell beast's attack.
GONNNNG!
You block the hell beast's attack.
PANG!
You completely miss the hell beast.
The hell beast is severely wounded.
The hell beast bites you but does no damage.
You block the hell beast's attack.
GONNNNG!
You slice the hell beast!!
The hell beast decays.
You burn the hell beast!
You kill the hell beast!
Hop to where?
Press: ? - help, Dir - move target Boing!
All monsters which could be auto-targeted are covered by a wall or statue which interrupts your line of fire, even though it doesn't interrupt your line of sight.
Aiming: Power Leap
Press: ? - help, Dir - move target You have escaped!

.......##.......#
.......##.......# ###
.......##.......# #..
...^...###.....## ##.#
###..#####.....# ###### ###..#
##..# #....#######....####...##
#..###..........#.##.#..).####
#[..#...##.####.#.##.#.#### #
##......##.#.z#.#.##...# #
#......##.#..#.#.##..## ###
#......##.#.##.#.##..# ##..
######.....##.#....#.##..# #..#
...........##.######.##..#####...
...[...........................##
............(########...#........
...............####.###.###......
..................#.# #.#...#####


There were no monsters in sight!

Vanquished Creatures
  Cerebov (Pan)
  Antaeus (Coc:7)
  Asmodeus (Geh:7)
  the Royal Jelly (Slime:5)
  Gloorx Vloq (Pan)
  the Serpent of Hell (Tar:7)
  A seraph (Pan)
  Lom Lobon (Pan)
  Mnoleg (Pan)
  Dispater (Dis:7)
  7 ancient liches
  10 dread liches
  9 orbs of fire (Zot:5)
  Mennas (Crypt:3)
  8 juggernauts
  6 pandemonium lords
  Josephina (Depths:2)
  Boris (Crypt:1)
  Frederick (Depths:3)
  Vv (Zot:2)
  33 royal mummies
  5 Killer Klowns
  Vashnia (Snake:4)
  22 shard shrikes
  20 caustic shrikes
  3 curse toes
  14 golden dragons
  Geryon (Hell)
  9 bone dragons
  the Enchantress (Depths:4)
  21 profane servitors
  5 iron giants
  3 doom hounds
  11 Brimstone Fiends
  20 Tzitzimimeh
  11 starcursed masses
  22 hellephants
  2 electric golems (Zot:5)
  23 Ice Fiends
  Jorgrun (D:13)
  Zenata (Elf:3)
  13 tentacled monstrosities
  A walking crystal tome (Depths:3)
  21 tainted leviathans
  15 Hell Sentinels
  24 Orb Guardians
  8 liches
  3 shard shrike skeletons (Crypt:3)
  10 acid blobs
  5 quicksilver dragons
  10 titans
  8 sphinxes
  2 deep elf master archers (Elf:3)
  31 searing wretches
  A deep elf blademaster (Elf:3)
  Gastronok (Lair:2)
  52 ancient champions
  29 Executioners
  8 tentacled starspawn
  5 death cobs
  Kirke (Snake:4)
  12 storm dragons
  13 shadow dragons
  6 tengu reavers
  A thorn hunter (Swamp:4)
  7 draconian monks
  3 demonspawn warmongers (Pan)
  7 nagarajas
  18 azure jellies
  Aizul (Snake:4)
  17 daevas
  5 draconian knights
  4 draconian scorchers
  5 fenstrider witches (Swamp:4)
  8 revenants
  20 frost giants
  9 rockslimes
  23 narguns
  9 iron dragons
  12 vault wardens
  20 fire giants
  42 balrugs
  A caustic shrike zombie (Crypt:1)
  2 spectral juggernauts (Depths:2)
  4 curse skulls
  3 ghost moths
  Louise (Swamp:1)
  3 orc warlords
  6 quicksilver elementals
  5 shard shrike simulacra
  2 spectral caustic shrikes
  9 ghouls
  5 deep elf sorcerers
  21 cacodemons
  6 deep elf elementalists (Elf:3)
  20 angels
  9 draconian annihilators
  6 demonspawn blood saints (Pan)
  16 ironbound preservers
  7 formless jellyfish
  40 war gargoyles
  7 quicksilver oozes
  4 draconian stormcallers
  3 draconian shifters
  5 ironbound thunderhulks
  8 reapers
  5 spriggan defenders
  8 stone giants
  27 very ugly things
  3 demonspawn corrupters (Pan)
  A juggernaut skeleton (Crypt:3)
  4 bennus (Tomb:3)
  10 ophanim (Pan)
  18 apis (Pan)
  5 deep elf demonologists
  19 elemental wellsprings
  7 vampire knights
  13 black draconians
  18 putrid mouths
  11 red draconians
  6 demonspawn black suns (Pan)
  8 lorocyprocas (Pan)
  12 wendigos
  5 bunyips
  2 spectral titans (Depths:2)
  9 eleionomae
  7 green draconians
  7 deep elf annihilators
  12 white draconians
  7 purple draconians
  4 yellow draconians
  A minotaur (Gauntlet)
  6 deep elf death magi
  12 dire elephants
  2 spark wasps (Depths:3)
  20 iron golems
  7 ettins
  8 blizzard demons
  23 mummy priests
  3 crystal guardians
  5 eidola
  12 green deaths
  A spectral quicksilver dragon (Tar:3)
  6 jiangshi
  2 spectral krakens (Tar:7)
  4 fire dragons
  9 rakshasas
  3 deep elf high priests
  A fire dragon (shapeshifter) (Vaults:5)
  2 spectral golden dragons (Depths:2)
  7 yaktaur captains
  36 vault guards
  A spectral spriggan (Depths:2)
  3 entropy weavers
  11 great orbs of eyes
  7 juggernaut simulacra
  A shambling mangrove (Swamp:4)
  15 hydras
  9 caustic shrike simulacra
  5 ghost crabs
  5 spriggan air magi
  13 centaur warriors
  4 death knights
  5 hell beasts
  11 alligators
  5 ironbound frosthearts
  5 ogre magi
  9 two-headed ogres
  10 salamander tyrants
  9 boulder beetles
  5 ice dragons
  8 spriggan skeletons
  2 peacekeepers
  2 catoblepae
  A merfolk aquamancer (Zig:3)
  14 naga warriors
  32 dancing weapons
  16 anacondas
  39 death scarabs
  3 deep troll earth magi (Vaults:5)
  6 tengu warriors
  A sphinx skeleton (Depths:1)
  14 stokers
  12 death yaks
  38 hell hogs
  3 holy swine (Abyss:3)
  2 deep troll shamans
  3 occultists
  11 demonic crawlers
  9 vampire magi
  A spectral dire elephant (Tar:3)
  6 thrashing horrors
  A titan zombie (Vaults:5)
  2 orc high priests
  27 soul eaters
  3 spriggan berserkers
  27 naga sharpshooters
  A storm dragon zombie (Crypt:3)
  24 deep elf knights
  17 hell knights
  62 sun demons
  4 shock serpents
  A titan skeleton (Pan)
  A skyshark (Lair:4)
  7 crystal echidnas
  70 skeletal warriors
  14 shadow wraiths
  30 sixfirhies
  4 iron trolls
  2 spectral anacondas (Tar:3)
  3 storm dragon skeletons
  7 wretched stars
  7 swamp dragons
  3 salamander mystics
  7 shadow demons
  An anaconda zombie (Hell)
  8 glowing orange brains
  9 naga ritualists
  A spark wasp zombie (Depths:1)
  A death drake (Swamp:4)
  A golden dragon skeleton (Depths:2)
  A sea snake (Zig:3)
  2 spriggan riders (Depths:4)
  8 quicksilver dragon simulacra
  13 cherubim (Pan)
  8 goliath frogs
  43 deep trolls
  8 arcanists
  9 flayed ghosts
  7 spriggan druids
  8 kraken simulacra
  11 bog bodies
  17 phantasmal warriors
  2 bunyip skeletons (Crypt:3)
  15 deep elf archers
  5 orange crystal statues
  9 lindwurms
  An anaconda skeleton (Hell)
  A spectral ettin (Tar:4)
  12 harpies
  An alligator zombie (Hell)
  17 ironbound convokers
  5 orc knights
  4 orc sorcerers
  9 necromancers
  8 shining eyes
  34 ugly things
  A stone giant zombie (Crypt:2)
  16 salamanders
  3 manticores (D:15)
  6 will-o-the-wisps
  A mana viper (shapeshifter) (Vaults:5)
  32 deep elf pyromancers
  25 deep elf zephyrmancers
  19 mana vipers
  5 cyclopes
  30 moths of wrath
  An iron dragon skeleton (Crypt:3)
  A spectral centaur (Tar:2)
  2 stone giant skeletons (Pan)
  2 manticores (shapeshifter)
  2 toenail golems
  A shadow dragon skeleton (Crypt:1)
  3 human skeletons
  Maurice (D:9)
  3 ice statues
  A frost giant zombie (Depths:1)
  A frost giant skeleton (Depths:2)
  11 elephants
  4 eyes of devastation
  7 titan simulacra
  An alligator snapping turtle zombie (Crypt:2)
  7 guardian serpents
  23 naga magi
  2 torpor snails
  A water nymph (shapeshifter) (Vaults:5)
  37 black mambas
  18 vault sentinels
  35 smoke demons
  26 orange demons
  2 rust devils
  A storm dragon simulacrum (Crypt:2)
  3 apocalypse crabs (Abyss:3)
  10 spectral swamp worms (Tar:7)
  2 centaur skeletons
  4 gargoyles
  A minotaur zombie (Gauntlet)
  18 cane toads
  2 kobold demonologists (D:13)
  A yaktaur zombie (Vaults:3)
  2 naga skeletons (Crypt:3)
  A sea snake zombie (Hell)
  5 unseen horrors
  3 rime drakes
  13 komodo dragons
  6 efreet
  24 hellions
  4 dire elephant skeletons
  2 ice devils
  A catoblepas zombie (Crypt:1)
  A catoblepas skeleton (Crypt:3)
  13 tormentors
  38 guardian mummies
  A death yak skeleton (Crypt:3)
  2 bunyip simulacra (Coc:1)
  4 iron giant simulacra
  A human zombie (Vaults:2)
  5 golden dragon simulacra
  11 freezing wraiths
  14 yaktaurs
  10 anaconda simulacra
  A minotaur skeleton (Crypt:1)
  11 spectral harpies
  A harpy zombie (Tomb:3)
  2 tengu conjurers (D:15)
  A yaktaur skeleton (Vaults:5)
  A great orb of eyes zombie (Crypt:2)
  3 ancient zymes
  2 burning bushes (Lair:5)
  8 trolls
  7 red devils
  A queen bee (shapeshifter) (D:13)
  12 tyrant leeches
  A merfolk (Zig:3)
  A bloated husk (Swamp:4)
  21 hellwings
  A polar bear (shapeshifter) (D:14)
  4 polar bears
  Grinder (D:5)
  A shadow dragon simulacrum (Coc:1)
  An alligator simulacrum (Hell)
  5 harpy skeletons
  7 raiju
  A blink frog (shapeshifter) (Elf:1)
  15 hornets
  A raiju (shapeshifter) (Abyss:3)
  58 large abominations
  A death drake skeleton (Crypt:1)
  3 glass eyes
  An ice dragon skeleton (Pan)
  89 slime creatures
  4 iron dragon simulacra
  A satyr zombie (Crypt:2)
  3 hydra skeletons
  A black mamba zombie (Crypt:1)
  21 blink frogs
  Sigmund (D:4)
  43 flying skulls
  A centaur simulacrum (Coc:2)
  6 dire elephant simulacra
  A frost giant simulacrum (Depths:2)
  18 ynoxinuls
  4 shadows
  2 vampires
  47 yaks
  17 spriggans
  2 air elementals
  8 wraiths
  6 wyverns
  2 ettin skeletons
  An orc simulacrum (Coc:2)
  A culicivora (shapeshifter) (Vaults:5)
  8 water elementals
  Eustachio (D:5)
  4 fire elementals
  5 hogs (Snake:4)
  3 fire bats (Abyss:3)
  21 ushabtiu
  6 basilisks
  A basilisk (shapeshifter) (D:13)
  27 neqoxecs
  13 golden eyes
  2 steam dragons
  A golden eye (shapeshifter) (Vaults:5)
  3 redbacks
  17 chaos spawn
  44 nagas
  3 wargs
  24 harpy simulacra
  15 small abominations
  12 vampire mosquitoes
  9 water moccasins
  21 swamp worms
  An acid dragon (D:13)
  2 death yak simulacra (IceCv)
  5 hydra simulacra
  A deep troll zombie (Crypt:3)
  A glowing shapeshifter zombie (Vaults:3)
  Duvessa (D:4)
  A fire bat skeleton (Crypt:1)
  5 hell hounds
  An entropy weaver zombie (Crypt:2)
  A faun skeleton (Crypt:2)
  5 swamp drakes
  A lindwurm zombie (Crypt:2)
  2 glowing shapeshifter skeletons
  A merfolk simulacrum (Coc:1)
  5 black bears (Lair:5)
  3 ice beasts
  2 sky beasts (D:8)
  47 orc warriors
  4 ettin simulacra
  A swamp dragon zombie (Crypt:1)
  10 ogres
  10 boggarts
  A dream sheep skeleton (Crypt:1)
  23 wolves
  30 centaurs
  3 phantoms
  A kobold brigand (D:9)
  9 bullfrogs
  3 earth elementals
  9 two-headed ogre simulacra (IceCv)
  3 necrophages (Crypt:1)
  2 scorpions (D:6)
  3 cane toad simulacra (IceCv)
  4 gnoll sergeants
  4 wights
  Dowan (D:4)
  A killer bee (D:10)
  4 elephant simulacra (IceCv)
  2 electric eels
  7 howler monkeys
  2 centaur zombies
  4 crimson imps (Pan)
  3 human simulacra
  2 jellies
  4 quasits (Abyss:3)
  19 orc priests
  4 hounds
  2 iron imps (Abyss:3)
  A sleepcap (D:7)
  A gnoll bouda (D:10)
  6 iguanas
  22 orc wizards
  5 spriggan simulacra
  2 troll simulacra (IceCv)
  A hell rat (Lair:4)
  2 polar bear simulacra (IceCv)
  A wolf simulacrum (IceCv)
  6 ogre zombies (D:11)
  A hound zombie (Crypt:1)
  39 mummies
  A gnoll (shapeshifter) (Vaults:5)
  7 adders
  15 gnolls
  4 naga simulacra
  2 shadow imps
  12 white imps
  6 ufetubi
  A worm zombie (Crypt:2)
  4 worms
  A dart slug (D:4)
  87 orcs
  7 endoplasms
  A giant cockroach (D:4)
  11 goblins
  7 hobgoblins
  4 jackals (D:2)
  9 quokkas
  5 ball pythons
  A bat (D:2)
  7 frilled lizards
  A giant cockroach zombie (Crypt:3)
  7 gnoll skeletons
  2 gnoll zombies
  22 kobolds
  11 kobold skeletons (Ossuary)
  12 orc skeletons
  14 orc zombies
  A quokka zombie (Crypt:2)
  4 rats
  13 creeping infernos
  18 fire vortices
  A spectral weapon (Dis:7)
  7 starspawn tentacles
  17 tentacles
4218 creatures vanquished.

Vanquished Creatures (collateral kills)
  Parghit (Depths:3)
  Norris (Depths:3)
  A deep elf blademaster (Elf:3)
  A sphinx (Depths:3)
  4 acid blobs (Slime:5)
  An azure jelly (Slime:5)
  A draconian stormcaller (Depths:4)
  2 spriggan defenders (Depths:4)
  A stone giant (Depths:3)
  3 very ugly things (Depths:4)
  A green draconian (Depths:4)
  2 deep elf annihilators (Elf:3)
  2 deep elf death magi (Elf:3)
  2 ettins
  3 fire dragons
  A deep elf high priest (Elf:3)
  An ice dragon (Depths:3)
  A spriggan air mage (Depths:3)
  2 deep troll shamans (Depths:3)
  2 spriggan berserkers (Depths:4)
  3 hell knights (Depths:3)
  2 skysharks (Depths:3)
  A sixfirhy (Depths:3)
  An iron troll (Depths:4)
  3 deep trolls (Depths:3)
  A deep elf zephyrmancer (Elf:3)
  2 ugly things (Depths:4)
  2 eyes of devastation (Slime:5)
  3 guardian mummies (Depths:4)
  A queen bee (Slime:5)
  2 slime creatures (Slime:5)
  A spriggan (Depths:4)
  2 mummies (Depths:4)
57 creatures vanquished.

Vanquished Creatures (others)
  A shard shrike (Coc:7)
  2 profane servitors (Tar:7)
  A quicksilver dragon (Vaults:5)
  2 eldritch tentacles (Pan)
  2 Executioners
  A draconian knight (Zot:5)
  An azure jelly (Coc:7)
  A daeva (Pan)
  A deep elf sorcerer (Vaults:4)
  2 vault wardens
  A demonspawn blood saint (Pan)
  An ironbound thunderhulk (Vaults:2)
  A stone giant (Depths:3)
  A green draconian (Zot:3)
  An apis (Pan)
  2 spark wasps (Depths:3)
  A bunyip (Swamp:4)
  An eidolon (Abyss:1)
  A jiangshi (Crypt:3)
  A deep elf death mage (Elf:2)
  2 yaktaur captains
  An ice dragon (Depths:2)
  A hydra (Swamp:3)
  A peacekeeper (Vaults:3)
  2 centaur warriors
  3 caustic shrike simulacra
  A stoker (Geh:5)
  A demonic crawler (Pan)
  A hell hog (Geh:2)
  A naga sharpshooter (Snake:4)
  3 deep elf knights (Elf:2)
  A soul eater (Pan)
  A sun demon (Pan)
  A sixfirhy (Pan)
  A deep troll (Vaults:4)
  A cherub (Pan)
  A golden dragon skeleton (Crypt:3)
  A black mamba (Lair:5)
  A naga mage (Snake:1)
  An orange demon (Pan)
  An anaconda simulacrum (Coc:7)
  2 yaktaurs
  A raiju (Abyss:3)
  A slime creature (Vaults:1)
  A naga simulacrum (Coc:7)
  A yak (Lair:5)
  A neqoxec (Pan)
  A hydra simulacrum (Hell)
  An orc warrior (Elf:1)
  An earth elemental (Elf:1)
  A human zombie (Crypt:3)
  A bullfrog skeleton (Crypt:3)
  An endoplasm zombie (Crypt:1)
  4 foxfires (Swamp:4)
  22 starspawn tentacles
  26 tentacles
117 creatures vanquished.

Grand Total: 4392 creatures vanquished

Notes
Turn   | Place    | Note
-------+----------+-------------------------------------------
     0 | D:1      | RepoMan the Barachi Reaver began the quest for the Orb.
     0 | D:1      | Reached XP level 1. HP: 17/17 MP: 3/3
   253 | D:1      | Reached XP level 2. HP: 8/23 MP: 5/5
   319 | D:1      | Learned a level 2 spell: Momentum Strike
   635 | D:2      | Found a glowing silver altar of Zin.
   677 | D:2      | Reached XP level 3. HP: 17/26 MP: 6/6
   947 | D:3      | Found a snail-covered altar of Cheibriados.
   979 | D:3      | Reached skill level 1 in Translocations
  1018 | D:3      | Learned a level 3 spell: Hailstorm
  1076 | D:2      | Reached XP level 4. HP: 34/34 MP: 7/7
  1175 | D:2      | You fall into a shaft and drop 2 floors!
  1199 | D:4      | Noticed Duvessa
  1209 | D:4      | Reached skill level 1 in Ice Magic
  1212 | D:4      | Reached XP level 5. HP: 40/40 MP: 8/8
  1216 | D:4      | Found a basalt altar of Yredelemnul.
  1267 | D:4      | Noticed a water moccasin
  1277 | D:4      | Killed a water moccasin
  1278 | D:4      | Reached skill level 5 in Maces & Flails
  1278 | D:4      | Reached XP level 6. HP: 23/45 MP: 9/9
  1302 | D:4      | Noticed Dowan
  1334 | D:4      | Killed Dowan
  1334 | D:4      | Noticed Sigmund
  1334 | D:4      | Killed Duvessa
  1504 | D:4      | Found a sand-covered staircase.
  1509 | Ossuary  | Entered an ossuary
  1509 | Ossuary  | Noticed a wraith
  1509 | Ossuary  | Noticed a wraith
  1509 | Ossuary  | Noticed a wraith
  1823 | Ossuary  | Reached XP level 7. HP: 51/51 MP: 10/10
  1866 | Ossuary  | Noticed a wraith
  1893 | Ossuary  | Killed a wraith
  2557 | D:3      | Found Gocytruja's Assorted Antiques.
  2564 | D:3      | Bought a scroll labelled ARHUFO QYRUMNI for 22 gold pieces
  2604 | D:3      | Found a glowing golden altar of the Shining One.
  2732 | D:3      | Found a hazy altar of Hepliaklqana.
  3132 | D:4      | Killed Sigmund
  3133 | D:4      | Reached skill level 5 in Conjurations
  3412 | D:4      | Found a runed translucent door.
  3413 | D:4      | Noticed Crazy Yiuf
  3508 | D:4      | Reached skill level 5 in Ice Magic
  3508 | D:4      | Reached XP level 8. HP: 57/57 MP: 8/11
  3763 | D:5      | Entered Level 5 of the Dungeon
  3844 | D:5      | Learned a level 1 spell: Magic Dart
  3898 | D:5      | Found a stormy altar of Qazlal.
  3900 | D:5      | Noticed an air elemental
  3919 | D:5      | Noticed a water elemental
  3934 | D:5      | Found a staircase to the Ecumenical Temple.
  3967 | Temple   | Entered the Ecumenical Temple
  4323 | D:5      | Noticed Eustachio
  4359 | D:5      | Killed Eustachio
  4541 | D:5      | Noticed Grinder
  4553 | D:5      | Killed Grinder
  4771 | D:6      | Reached skill level 5 in Translocations
  4834 | D:6      | Found a runed translucent door.
  4835 | D:6      | Found a shimmering altar of Xom.
  4835 | D:6      | Noticed AIAndy's ghost (novice OpSh)
  4835 | D:6      | Noticed a +2 hand axe of chaos
  4859 | D:6      | Found a sparkling altar of Nemelex Xobeh.
  5357 | D:6      | Reached XP level 9. HP: 62/62 MP: 12/12
  6136 | D:7      | Found a radiant altar of Vehumet.
  6137 | D:7      | Found a sacrificial altar of Ru.
  6139 | D:7      | Found a hide-covered altar of Uskayaw.
  6141 | D:7      | Found an ancient bone altar of Kikubaaqudgha.
  6142 | D:7      | Found a broken altar of Ashenzari.
  6146 | D:7      | Became a worshipper of Ru the Awakened
  6414 | D:7      | Noticed a komodo dragon
  6501 | D:7      | Killed a komodo dragon
  6538 | D:7      | Found a flagged portal.
  6551 | D:7      | Learned a level 2 spell: Searing Ray
  6552 | Bailey   | Entered a bailey
  6561 | Bailey   | Noticed an orc warlord
  6869 | Bailey   | Found a runed translucent gate.
  6871 | Bailey   | Found a runed translucent gate.
  6873 | Bailey   | Found a runed translucent gate.
  7198 | Bailey   | Killed an orc warlord
  7199 | Bailey   | Reached XP level 10. HP: 71/71 MP: 8/13
  7238 | Bailey   | Identified the ring "Kyet" {Fire Str+3}
  7255 | Bailey   | Acquired the +7 morningstar "Yzavate" {drain, rCorr Str-4
                  | Int+4 Dex+3}
  7307 | D:7      | Found a shimmering altar of Xom.
  7510 | D:7      | Identified the "Lipoann" (You acquired it on level 7 of
                  | the Dungeon)
  7510 | D:7      | Acquired the ring "Pepid" {Will+ rCorr Int+2 Dex-3}
  7915 | D:8      | Reached skill level 10 in Ice Magic
  8427 | D:8      | Reached skill level 5 in Fighting
  8434 | D:8      | Learned a level 2 spell: Blink
  8592 | D:8      | Found a bloodstained altar of Trog.
  8592 | D:8      | Found a glowing silver altar of Zin.
  8958 | D:9      | Killed an unseen horror
  9103 | D:9      | HP: 3/76 [freezing wraith (11)]
  9111 | D:9      | Reached skill level 5 in Dodging
  9111 | D:9      | Reached XP level 11. HP: 33/81 MP: 5/15
  9315 | D:9      | Identified the +1 leather armour of the Valley {rF++ Str-2
                  | Dex+3 Stlth+}
  9784 | D:9      | Noticed a two-headed ogre
  9793 | D:9      | Killed a two-headed ogre
 10138 | D:9      | Noticed Maurice
 10162 | D:9      | Maurice stole a ring of poison resistance
 10165 | D:9      | Maurice stole a staff of cold
 10168 | D:9      | Killed Maurice
 10169 | D:9      | Reached skill level 10 in Maces & Flails
 10270 | D:9      | Learned a level 5 spell: Freezing Cloud
 10456 | D:9      | Found Ifyamm's Antique Weapon Emporium.
 10540 | D:10     | Entered Level 10 of the Dungeon
 10540 | D:10     | Noticed a two-headed ogre
 10779 | D:10     | Found an ornate altar of the Wu Jian Council.
 10798 | D:10     | Noticed a boulder beetle
 10873 | D:10     | Noticed a two-headed ogre
 11015 | D:10     | Noticed a two-headed ogre
 11019 | D:10     | Gained mutation: You cannot study or use magical devices.
                  | [Ru sacrifice]
 11019 | D:10     | Reached * piety under Ru
 11019 | D:10     | Reached ** piety under Ru
 11022 | D:10     | Killed a two-headed ogre
 11260 | D:10     | Killed a two-headed ogre
 11474 | D:11     | Noticed a centaur warrior
 11509 | D:11     | Killed a centaur warrior
 11510 | D:11     | Reached XP level 12. HP: 37/92 MP: 0/16
 11777 | D:11     | Found a staircase to the Orcish Mines.
 12602 | D:11     | Found a staircase to the Lair.
 13018 | Lair:1   | Entered Level 1 of the Lair of Beasts
 13557 | Lair:1   | Gained mutation: You are sensitive to extremes of
                  | temperature. (rF-, rC-) [Ru sacrifice]
 13557 | Lair:1   | Reached *** piety under Ru
 13557 | Lair:1   | Reached **** piety under Ru
 14047 | Gauntlet | Identified the "Cuwikhe"
 14053 | Lair:2   | Found a transporter.
 14055 | Lair:2   | Noticed a death yak
 14055 | Lair:2   | Noticed a death yak
 14056 | Lair:2   | Noticed a death yak
 14058 | Lair:2   | Noticed a death yak
 14063 | Lair:2   | Noticed a death yak
 14064 | Lair:2   | Killed a death yak
 14066 | Lair:2   | Killed a death yak
 14067 | Lair:2   | Killed a death yak
 14069 | Lair:2   | Killed a death yak
 14073 | Lair:2   | Killed a death yak
 14254 | Lair:2   | Found a gate leading to a gauntlet.
 14264 | Gauntlet | Entered a Gauntlet
 14264 | Gauntlet | Found a transporter.
 14271 | Gauntlet | Found a transporter.
 14272 | Gauntlet | Found the +8 frozen axe "Frostbite" {freeze, freezing
                  | cloud, *Noise Fly rC+}
 14273 | Gauntlet | Found a transporter.
 14275 | Gauntlet | Found a transporter.
 14289 | Gauntlet | Found a transporter.
 14297 | Gauntlet | Found a transporter.
 14305 | Gauntlet | Found a transporter.
 14306 | Gauntlet | Noticed a ghost crab
 14320 | Gauntlet | Found a transporter.
 14339 | Gauntlet | Found a transporter.
 14351 | Gauntlet | Found a transporter.
 14351 | Gauntlet | Noticed a death scarab
 14351 | Gauntlet | Noticed a death scarab
 14409 | Gauntlet | Found a transporter.
 14412 | Gauntlet | Noticed a hell beast
 14421 | Gauntlet | Found a transporter.
 14429 | Gauntlet | Noticed a catoblepas
 14433 | Gauntlet | Found a transporter.
 14453 | Gauntlet | Found a transporter.
 14467 | Gauntlet | Found a transporter.
 14469 | Gauntlet | Found a transporter.
 14502 | Gauntlet | Found a transporter.
 14503 | Gauntlet | Found a transporter.
 14537 | Gauntlet | Reached skill level 15 in Ice Magic
 14732 | Gauntlet | Noticed a catoblepas
 14748 | Gauntlet | Identified the +1 hat of Optimism {rElec}
 14906 | Gauntlet | Found the +5 demon whip "Spellbinder" {antimagic, disrupt,
                  | Will+}
 14906 | Gauntlet | Noticed a minotaur
 14919 | Gauntlet | Killed a minotaur
 14920 | Gauntlet | Gained mutation: You can hop long distances. [Barachi
                  | growth]
 14920 | Gauntlet | Reached XP level 13. HP: 88/99 MP: 5/17
 14959 | Gauntlet | Identified the amulet of the Scavenger {RegenMP Int+4}
 14959 | Gauntlet | Identified the ring "Vyral" {Drain Str+2 Int+7 Dex+6}
 15143 | Lair:2   | Upgraded the game from 0.31-a0-981-geadf994542 to
                  | 0.31-a0-982-g1816016f30
 15305 | Lair:2   | Found a transporter.
 15389 | Lair:2   | Noticed tish's ghost (journeyman OpSh)
 15390 | Lair:2   | Found a bloodstained altar of Trog.
 15782 | Lair:2   | Noticed Gastronok
 15801 | Lair:2   | Killed Gastronok
 16058 | Lair:2   | Found a staircase to the Snake Pit.
 16302 | Lair:3   | Found a staircase to the Swamp.
 16441 | Lair:3   | Reached skill level 10 in Fighting
 16545 | Lair:3   | Reached skill level 10 in Dodging
 16765 | Lair:3   | Reached XP level 14. HP: 111/111 MP: 3/18
 17365 | Lair:4   | Found a viscous altar of Jiyva.
 17365 | Lair:4   | Found a staircase to the Slime Pits.
 17914 | Lair:4   | Identified the ring of Jiroizoy {Contam Fly rC++ Dex+6}
 17917 | Lair:4   | Identified the ring of the Wild Haggis {Str+6 Dex+6}
 18004 | Lair:4   | Acquired a book of Annihilations
 18006 | Lair:4   | Acquired a ring of protection from fire
 18424 | Lair:5   | Entered Level 5 of the Lair of Beasts
 18655 | Lair:5   | Gained mutation: You cannot be stealthy. [Ru sacrifice]
 18655 | Lair:5   | Reached ***** piety under Ru
 18790 | Lair:5   | Found a stormy altar of Qazlal.
 19025 | Lair:5   | Learned a level 4 spell: Vhi's Electric Charge
 19304 | Lair:5   | Reached skill level 1 in Air Magic
 19438 | Lair:5   | Reached XP level 15. HP: 121/121 MP: 16/22
 19443 | Lair:5   | Reached skill level 5 in Spellcasting
 19927 | IceCv    | Identified the of Luuruf
 19927 | Orc:1    | Entered Level 1 of the Orcish Mines
 19968 | Orc:1    | Found a frozen archway.
 19995 | IceCv    | Entered an ice cave
 20488 | IceCv    | Identified the +8 ice dragon scales of Rotation {rPois rF-
                  | rC++ MP+9 Int+2 Dex+3}
 20837 | Orc:1    | Noticed an orc warlord
 20853 | Orc:1    | Killed an orc warlord
 21219 | Orc:2    | Entered Level 2 of the Orcish Mines
 21607 | Orc:2    | Found Fiuzeany's Antique Armour Boutique.
 21607 | Orc:2    | Found Woutahaux's Antique Weapon Shoppe.
 21610 | Orc:2    | Found Ylori's Magic Scroll Shop.
 21636 | Orc:2    | Found Qaag's Jewellery Emporium.
 21689 | Orc:2    | Bought a faintly glowing scale mail for 297 gold pieces
 21689 | Orc:2    | Identified the +0 scale mail of Xom's Regard {-Tele Contam
                  | +Inv Stlth+} (You bought it in a shop on level 2 of the
                  | Orcish Mines)
 21691 | Orc:2    | Bought a scroll of fog for 64 gold pieces
 21691 | Orc:2    | Bought a scroll of teleportation for 48 gold pieces
 21691 | Orc:2    | Bought a scroll of revelation for 120 gold pieces
 21691 | Orc:2    | Bought a scroll of blinking for 120 gold pieces
 21803 | Orc:2    | Found a staircase to the Elven Halls.
 22182 | D:12     | Identified the +11 quarterstaff of the Fray {flame, rF-
                  | Will++ Int+2 Stlth+}
 23331 | D:13     | Noticed Jorgrun
 23336 | D:13     | Killed Jorgrun
 23601 | D:13     | Found a gate to the Vaults.
 23811 | D:13     | Found Doogyu's General Store.
 23827 | D:13     | Bought a potion of curing for 36 gold pieces
 24176 | D:13     | Reached XP level 16. HP: 121/131 MP: 25/25
 24540 | D:14     | Found Pietooso's Changing Room.
 24565 | D:14     | Bought a book of Changes for 234 gold pieces
 24574 | D:14     | Learned a level 7 spell: Ozocubu's Refrigeration
 26066 | D:15     | Entered Level 15 of the Dungeon
 26397 | D:15     | Found a staircase to the Depths.
 26412 | D:15     | Reached skill level 1 in Shields
 26563 | D:15     | Identified the +4 ring mail of Howling Wind {rC+ Regen+
                  | rCorr MP-9}
 27146 | D:15     | Reached skill level 10 in Conjurations
 27617 | Snake:1  | Entered Level 1 of the Snake Pit
 27655 | Snake:1  | Upgraded the game from 0.31-a0-982-g1816016f30 to
                  | 0.31-a0-984-gbfb7dba898
 27722 | Snake:1  | Reached skill level 5 in Air Magic
 28371 | Snake:1  | Reached XP level 17. HP: 139/139 MP: 23/28
 28873 | Snake:2  | Reached skill level 5 in Shields
 30098 | Snake:3  | Found Erinil Addoc's Assorted Antiques.
 30108 | Snake:3  | Bought a scroll of teleportation for 102 gold pieces
 30240 | Snake:3  | Found Sileaw's Magic Scroll Emporium.
 30309 | Snake:3  | Bought a scroll of teleportation for 45 gold pieces
 30309 | Snake:3  | Bought a scroll of teleportation for 45 gold pieces
 30309 | Snake:3  | Bought a scroll of immolation for 60 gold pieces
 30309 | Snake:3  | Bought a scroll of poison for 60 gold pieces
 30554 | Snake:3  | Learned a level 5 spell: Irradiate
 30768 | Snake:3  | Reached skill level 1 in Transmutations
 31532 | Snake:4  | Entered Level 4 of the Snake Pit
 31744 | Snake:4  | Identified the +4 kite shield "Turuure" {Will- Regen+ Str+6
                  | Stlth+}
 31751 | Snake:4  | Noticed Kirke
 31760 | Snake:4  | Killed Kirke
 31761 | Snake:4  | Reached skill level 15 in Fighting
 31959 | Snake:4  | Found Nyokkuin's Neck Hole.
 31979 | Snake:4  | Reached XP level 18. HP: 149/149 MP: 11/30
 32345 | Snake:4  | Identified the serpent talisman of Theory {rElec rC+}
 32345 | Snake:4  | Noticed Aizul
 32351 | Snake:4  | Killed Aizul
 32352 | Snake:4  | Noticed Vashnia
 32408 | Snake:4  | Killed Vashnia
 33016 | Snake:4  | Noticed a quicksilver dragon
 33018 | Snake:4  | Reached skill level 10 in Shields
 33022 | Snake:4  | Killed a quicksilver dragon
 33234 | Snake:4  | Got a serpentine rune of Zot
 33587 | Swamp:1  | Entered Level 1 of the Swamp
 33648 | Swamp:1  | Noticed topfpfpflanze's ghost (journeyman FeCj)
 33741 | Swamp:1  | Found a transporter.
 33977 | Swamp:1  | Found a transporter.
 34250 | Swamp:1  | Noticed Louise
 34257 | Swamp:1  | Killed Louise
 34755 | Swamp:2  | Found a shadowy altar of Dithmenos.
 34926 | Swamp:2  | Reached XP level 19. HP: 157/157 MP: 24/32
 35635 | Swamp:4  | Entered Level 4 of the Swamp
 36622 | Swamp:4  | Gained mutation: You are somewhat inexperienced. (-1 XL)
                  | [Ru sacrifice]
 36622 | Swamp:4  | Reached XP level 18. HP: 120/153 MP: 19/31
 36622 | Swamp:4  | Reached ****** piety under Ru
 37103 | Swamp:4  | Paralysed by a fenstrider witch for 3 turns
 37161 | Swamp:4  | Got a decaying rune of Zot
 37207 | Swamp:4  | Reached skill level 10 in Air Magic
 37497 | Vaults:5 | Identified the "Amoqed"
 37497 | Vaults:5 | Identified the "Atrekhlump"
 37497 | Depths:2 | Identified the of Ohara
 37497 | Elf:1    | Entered Level 1 of the Elven Halls
 38190 | Elf:1    | Reached XP level 19. HP: 147/159 MP: 7/32
 38234 | Elf:1    | Noticed a Brimstone Fiend
 38469 | Elf:1    | Found a runed translucent gate.
 38469 | Elf:1    | Found a runed translucent gate.
 38469 | Elf:1    | Found a runed translucent gate.
 38469 | Elf:1    | Found a runed translucent gate.
 38469 | Elf:1    | Found a runed translucent gate.
 38469 | Elf:1    | Found a runed translucent gate.
 38522 | Elf:1    | Gained mutation: You have hidden genetic defects.
                  | [mutagenic glow]
 38791 | Elf:1    | Found Kimezut's Jewellery Emporium.
 38791 | Elf:1    | Found Ijojenno's Book Boutique.
 38792 | Elf:1    | Found Iczelit's Jewellery Emporium.
 38799 | Elf:1    | Bought a book of Ice for 850 gold pieces
 38808 | Elf:1    | Bought a talisman of death for 1200 gold pieces
 39119 | Elf:2    | Found Retwyen Jyol's Jewellery Shoppe.
 39478 | Elf:2    | Gained mutation: You are vulnerable to heat. (rF-) [hidden
                  | defects]
 39482 | Elf:2    | Lost mutation: You are vulnerable to heat. (rF-) [potion of
                  | mutation]
 39482 | Elf:2    | Lost mutation: You have hidden genetic defects. [potion of
                  | mutation]
 39482 | Elf:2    | Gained mutation: You have very sharp teeth. [potion of
                  | mutation]
 39482 | Elf:2    | Gained mutation: You have supernaturally acute eyesight.
                  | (SInv) [potion of mutation]
 39702 | Elf:2    | Found a runed translucent gate.
 39702 | Elf:2    | Found a runed translucent gate.
 39702 | Elf:2    | Found a runed translucent gate.
 40708 | Elf:3    | Entered Level 3 of the Elven Halls
 40726 | Elf:3    | Learned a level 6 spell: Simulacrum
 40855 | Elf:3    | Noticed Zenata
 41042 | Vaults:1 | Entered Level 1 of the Vaults
 41404 | Vaults:1 | Reached skill level 1 in Necromancy
 41769 | Vaults:1 | Reached XP level 20. HP: 123/170 MP: 33/33
 42730 | D:10     | Learned a level 2 spell: Passwall
 43123 | D:10     | Found a portal to a secret trove of treasure.
 43379 | Vaults:1 | Identified the +1 robe "Xuruwnem" {rC- Str+7 Int-2
                  | Archmagi}
 43849 | Vaults:2 | Reached skill level 10 in Spellcasting
 44752 | Vaults:2 | Identified the amulet "Hoarhea" {Spirit rF+}
 46185 | Vaults:3 | Reached skill level 15 in Conjurations
 46344 | Vaults:3 | Paralysed by a formless jellyfish for 1 turns
 46780 | Vaults:3 | Found a staircase to the Crypt.
 46780 | Vaults:3 | Found a basalt altar of Yredelemnul.
 46781 | Vaults:3 | Found an ancient bone altar of Kikubaaqudgha.
 46894 | Vaults:4 | Identified the +3 leather armour of Vyerur {Str+3 Slay-2}
 47082 | Vaults:4 | Reached XP level 21. HP: 141/178 MP: 32/35
 47388 | Vaults:4 | Found Puqyrar's Antique Armour Shoppe.
 47412 | Vaults:4 | Reached skill level 15 in Air Magic
 47438 | Vaults:4 | Bought a distressingly furry scale mail for 270 gold pieces
 47438 | Vaults:4 | Identified the +4 scale mail of Quantum Leap {Will- Str+5}
                  | (You bought it in a shop on level 4 of the Vaults)
 47690 | Vaults:4 | Identified the staff of Ruroumma {rC+ Str+3 SInv Ice}
 48598 | Depths:1 | Entered Level 1 of the Depths
 48614 | Depths:1 | Found a one-way gateway to a ziggurat.
 48874 | Depths:1 | Found Hylihiar's General Store.
 48882 | Depths:1 | Bought a potion of heal wounds for 70 gold pieces
 49389 | Depths:1 | Found an iron altar of Okawaru.
 49696 | Depths:1 | Found a gateway to Hell.
 50069 | Depths:2 | Found Paoppil's Vocational Training.
 50143 | Depths:2 | Found Buateimp's Mass Market.
 50172 | Depths:2 | Identified the ring "Pyng" {Ice rN+ Will- rCorr Str+5}
 50172 | Depths:2 | Noticed Josephina
 50226 | Depths:2 | Killed Josephina
 50772 | Depths:2 | Found a one-way gate leading to the halls of Pandemonium.
 51370 | Depths:2 | Reached skill level 15 in Dodging
 51370 | Depths:2 | Reached skill level 15 in Shields
 51848 | Depths:2 | Found a one-way gate to the infinite horrors of the Abyss.
 52764 | Depths:2 | Reached XP level 22. HP: 178/179 MP: 27/37
 53015 | Depths:2 | Identified the ring "Naqyqi" {rCorr Int+4}
 53032 | Depths:2 | Paralysed by a vampire knight for 2 turns
 53243 | Depths:2 | Learned a level 7 spell: Orb of Destruction
 53472 | Depths:2 | Found a basalt altar of Yredelemnul.
 53493 | Depths:2 | Learned a level 1 spell: Apportation
 53590 | Depths:3 | Noticed Parghit
 53629 | Depths:3 | Noticed Frederick
 53997 | Depths:3 | Killed Parghit
 54504 | Depths:3 | Noticed Norris
 54511 | Depths:3 | Killed Norris
 54603 | Depths:3 | Killed Frederick
 55147 | Depths:4 | Entered Level 4 of the Depths
 55147 | Depths:4 | Noticed a golden dragon
 55157 | Depths:3 | Killed a golden dragon
 55390 | Depths:4 | Noticed a juggernaut
 55411 | Depths:4 | Killed a juggernaut
 55508 | Depths:4 | Noticed the Enchantress
 55517 | Depths:4 | Killed the Enchantress
 55570 | Depths:4 | Found Arenloawn's Book Emporium.
 55570 | Depths:4 | Found Ceffugiss's General Store.
 55571 | Depths:4 | Found Qucewom's Jewellery Shoppe.
 55573 | Depths:4 | Found Talim's Distillery.
 55589 | Depths:4 | Bought a scroll of enchant armour for 127 gold pieces
 55589 | Depths:4 | Bought a potion of magic for 136 gold pieces
 55589 | Depths:4 | Bought a potion of haste for 170 gold pieces
 55596 | Depths:4 | Bought a potion of mutation for 128 gold pieces
 55596 | Depths:4 | Bought a potion of haste for 160 gold pieces
 55596 | Depths:4 | Bought a potion of brilliance for 64 gold pieces
 55596 | Depths:4 | Bought a potion of cancellation for 128 gold pieces
 55596 | Depths:4 | Bought a potion of heal wounds for 80 gold pieces
 55596 | Depths:4 | Bought a potion of heal wounds for 80 gold pieces
 55596 | Depths:4 | Bought a potion of invisibility for 128 gold pieces
 55642 | Depths:4 | Found a gate to the Realm of Zot.
 55642 | Depths:4 | Noticed a golden dragon
 55697 | Depths:4 | Killed a golden dragon
 55998 | Depths:4 | Noticed a golden dragon
 56010 | Depths:4 | Killed a golden dragon
 56265 | Depths:4 | Found Utodu's General Store.
 56269 | Depths:4 | Bought a potion of curing for 39 gold pieces
 56292 | Depths:4 | Noticed a golden dragon
 56298 | Depths:4 | Killed a golden dragon
 56337 | Depths:4 | Reached XP level 23. HP: 167/187 MP: 8/39
 56673 | Depths:4 | Found a bloodstained altar of Trog.
 57111 | Elf:3    | Reached skill level 1 in Armour
 57211 | Elf:3    | Killed Zenata
 57237 | Elf:3    | Reached XP level 24. HP: 196/196 MP: 39/39
 58051 | Elf:3    | Identified the ring "Feofapaz" {rPois Will+ Str-5 Dex+4}
 58056 | Elf:3    | Identified the +5 battleaxe of Uncertain Death {elec, *Rage
                  | rPois Str+2}
 58056 | Elf:3    | Identified the +2 leather armour of Submission {Rampage
                  | rPois rC+ Stlth-}
 58117 | Elf:3    | Identified the +2 scimitar "Kikodan" {speed, rPois rC-
                  | Str+3 Int+4}
 58166 | Elf:3    | Identified the ring of Edoohes {Str+6 Slay+6}
 58169 | Elf:3    | Identified the staff of Ujezaamn {rPois rC+ Will++ Poison}
 58216 | Elf:3    | Found the +18 shield of the Gong {Loud rN+ Will+ rCorr
                  | EV-5}
 58254 | Elf:3    | Identified the +13 plate armour of the Ancient People
                  | {-Tele rF+ Int+2 Dex+2}
 58335 | Elf:3    | Learned a level 8 spell: Maxwell's Capacitive Coupling
 58645 | Crypt:1  | Entered Level 1 of the Crypt
 60293 | Crypt:2  | Noticed Boris
 60524 | Crypt:1  | Killed Boris
 60712 | Crypt:2  | Found a huge runed gate.
 60803 | Crypt:2  | Found a huge runed gate.
 60803 | Crypt:2  | Found a huge runed gate.
 60803 | Crypt:2  | Found a huge runed gate.
 60803 | Crypt:2  | Found a huge runed gate.
 60804 | Crypt:2  | Found a huge runed gate.
 60805 | Crypt:2  | Found a huge runed gate.
 60806 | Crypt:2  | Found a huge runed gate.
 60806 | Crypt:2  | Found a huge runed gate.
 60807 | Crypt:2  | Found a huge runed gate.
 60807 | Crypt:2  | Found a huge runed gate.
 60808 | Crypt:2  | Found a huge runed gate.
 60808 | Crypt:2  | Identified the +2 giant spiked club "Jadoxa" {speed, rC+
                  | Str+2 Int+3}
 62195 | Crypt:2  | Found a huge runed gate.
 62195 | Crypt:2  | Found a huge runed gate.
 62196 | Crypt:2  | Found a huge runed gate.
 62207 | Crypt:2  | Found a huge runed gate.
 62207 | Crypt:2  | Found a huge runed gate.
 62207 | Crypt:2  | Found a huge runed gate.
 62207 | Crypt:2  | Found a huge runed gate.
 62207 | Crypt:2  | Found a huge runed gate.
 62207 | Crypt:2  | Found a huge runed gate.
 62207 | Crypt:2  | Found a huge runed gate.
 62209 | Crypt:2  | Found a huge runed gate.
 62210 | Crypt:2  | Found a huge runed gate.
 62541 | Crypt:2  | Found a huge runed gate.
 62541 | Crypt:2  | Found a huge runed gate.
 62541 | Crypt:2  | Found a huge runed gate.
 62541 | Crypt:2  | Found a huge runed gate.
 62548 | Crypt:2  | Found a huge runed gate.
 62548 | Crypt:2  | Found a huge runed gate.
 62548 | Crypt:2  | Found a huge runed gate.
 62548 | Crypt:2  | Found a huge runed gate.
 62548 | Crypt:2  | Found a huge runed gate.
 62783 | Crypt:2  | Found a huge runed gate.
 62783 | Crypt:2  | Found a huge runed gate.
 62783 | Crypt:2  | Found a huge runed gate.
 63031 | Crypt:3  | Entered Level 3 of the Crypt
 63837 | Crypt:3  | Reached XP level 25. HP: 182/193 MP: 10/40
 63865 | Crypt:3  | Noticed Mennas
 63929 | Crypt:3  | Killed Mennas
 64693 | Crypt:3  | Noticed a dread lich
 64699 | Crypt:3  | Killed a dread lich
 64719 | Crypt:3  | Identified the +2 morningstar "Worm" {heavy, *Corrode rPois
                  | Str+4}
 64776 | Crypt:3  | Found a basalt altar of Yredelemnul.
 65528 | Crypt:3  | Found a staircase to the Tomb.
 66068 | Slime:1  | Entered Level 1 of the Pits of Slime
 66291 | Slime:5  | Entered Level 5 of the Pits of Slime
 66291 | Slime:5  | Found the +8 trishula "Condemnation" {holy, anguish, *Noise
                  | Fly rN+}
 66516 | Slime:4  | Gained mutation: You are clumsy. (Dex -2) [a shining eye]
 66791 | Slime:5  | Noticed the Royal Jelly
 66795 | Slime:5  | Killed the Royal Jelly
 66859 | Slime:5  | Identified the +12 broad axe of Melee {flame, rElec rF+}
 66861 | Slime:5  | Identified the +1 chain mail of the Harp {rF+ rC+++ Str-4
                  | Int-4}
 66867 | Slime:5  | Identified the +8 rapier "Baorig" {heavy, Int+3 Stlth+}
 66931 | Slime:5  | Identified the ring "Waxoss" {rPois rF+ Int+8 Dex-3 Stlth-}
 66966 | Slime:5  | Learned a level 9 spell: Polar Vortex
 67011 | Slime:5  | Got a slimy rune of Zot
 67017 | Slime:5  | Identified the +0 helmet "Sidwonai" {Str+3}
 67023 | Slime:5  | Identified the +5 hand axe "Backscratcher" {freeze, rC+}
 67505 | Zot:1    | Entered Level 1 of the Realm of Zot
 67789 | Zot:1    | Identified the +0 kite shield "Caosm" {rElec Regen+ Int-2
                  | Dex+2}
 68195 | Zot:1    | Reached skill level 15 in Spellcasting
 68503 | Zot:2    | Reached XP level 26. HP: 222/222 MP: 36/42
 68557 | Zot:2    | Noticed Vv
 68562 | Zot:2    | Killed Vv
 68975 | Zot:2    | You are sucked into a shaft and drop 1 floor!
 72453 | Vaults:5 | Entered Level 5 of the Vaults
 72482 | Vaults:5 | Noticed an ancient lich
 72486 | Vaults:5 | Noticed a dread lich
 72514 | Vaults:5 | Noticed a dread lich
 72518 | Vaults:5 | Killed a dread lich
 72627 | Vaults:5 | Killed an ancient lich
 72746 | Vaults:5 | Identified the +5 great sword "Eletezol" {flame, rElec
                  | Dex+3}
 72767 | Vaults:5 | Identified the +5 short sword "Sagapekh" {heavy, rF+ rCorr
                  | Int+3}
 72855 | Vaults:5 | Killed a dread lich
 73465 | Vaults:5 | Got a silver rune of Zot
 73657 | Vaults:5 | Identified the +7 broad axe of Inference {drain, rElec
                  | Int+3 Dex-3}
 73661 | Vaults:5 | Identified the staff of Merrib Xait {rN+ Str-2 Int+6 Stlth+
                  | Earth}
 73666 | Vaults:5 | Identified the ring of Eseenor {rN+ Str+5 Stlth-}
 73670 | Vaults:5 | Identified the staff of Cobwebs {rElec rPois rF- Will+ Air}
 73889 | Vaults:5 | Identified the staff of Circularity {rC+ Str+4 Ice}
 73972 | Vaults:5 | Upgraded the game from 0.31-a0-984-gbfb7dba898 to
                  | 0.31-a0-988-g08d55dae12
 74349 | Snake:4  | Bought a scarf of resistance for 512 gold pieces
 74856 | D:10     | You paid a toll of +4 shadow dragon scales to enter a
                  | treasure trove
 74857 | Trove    | Identified the "Suqun" (You found it in a treasure trove)
 74857 | Trove    | Identified the of Fut Ipoirch (You found it in a treasure
                  | trove)
 74857 | Trove    | Identified the "Ingum" (Sif Muna gifted it to you in a
                  | treasure trove)
 74857 | Trove    | Entered a treasure trove
 74906 | Trove    | Found the Hermit's Pendant {Faith Invo=14 Evo=0 MP+5}
 74908 | Trove    | Identified the amulet "Gegaode" {Faith Str+3}
 74911 | Trove    | Identified the amulet "Saupar" {Reflect rCorr SH+5}
 75150 | Tomb:1   | Identified the of Raoff
 75150 | Tomb:3   | Identified the "Erphebbof"
 75150 | Tomb:3   | Identified the "Feraurho"
 75150 | Coc:7    | Identified the "Quesoe"
 75150 | Coc:7    | Identified the "Xiskat"
 75150 | Geh:7    | Identified the "Celedah"
 75150 | Zig:1    | Entered Level 1 of a ziggurat
 75173 | Zig:2    | Entered Level 2 of a ziggurat
 75249 | Zig:3    | Entered Level 3 of a ziggurat
 75268 | Zig:4    | Entered Level 4 of a ziggurat
 75283 | Zig:4    | Identified the ring of Royalty {Int+3 Dex+3 SInv}
 75320 | Zig:5    | Entered Level 5 of a ziggurat
 75343 | Zig:5    | Identified the +0 scale mail of the Black Moon {Int+3}
 75394 | Zig:6    | Entered Level 6 of a ziggurat
 75399 | Zig:6    | Reached skill level 5 in Axes
 75453 | Zig:7    | Entered Level 7 of a ziggurat
 75457 | Zig:7    | Noticed Jeuptoi the pandemonium lord
 75465 | Zig:7    | Killed Jeuptoi the pandemonium lord
 75485 | Zig:7    | Identified the +5 sling of Defence {heavy, rN+}
 75491 | Zig:7    | Identified the ring of Biudifas {Will+ AC+4 Int+4}
 75533 | Zig:7    | Learned a level 9 spell: Chain Lightning
 75612 | Pan      | Entered Pandemonium
 75686 | Pan      | Noticed Tigosk the pandemonium lord
 75694 | Pan      | Killed Tigosk the pandemonium lord
 75791 | Pan      | Found an exit through the horrors of the Abyss.
 75810 | Pan      | Identified the +1 helmet of Voezulid {Fly rPois rCorr
                  | Str-2}
 76448 | Pan      | Got a demonic rune of Zot
 76549 | Pan      | Found a runed translucent door.
 76566 | Pan      | Noticed Woiqia the pandemonium lord
 76571 | Pan      | Gained mutation: Your body sometimes deteriorates upon
                  | taking damage. [a neqoxec]
 76647 | Pan      | Identified the "Ulitoaff"
 76647 | Pan      | Entered the realm of Mnoleg.
 76852 | Pan      | Gained mutation: Your spells are a little easier to cast,
                  | but a little less powerful. [a cacodemon]
 76958 | Pan      | Gained mutation: Your body often deteriorates upon taking
                  | damage. [a cacodemon]
 76965 | Pan      | Gained mutation: You occasionally lose the ability to read
                  | scrolls when taking damage. [a cacodemon]
 76970 | Pan      | Lost mutation: Your body often deteriorates upon taking
                  | damage. [potion of mutation]
 76970 | Pan      | Lost mutation: Your body sometimes deteriorates upon taking
                  | damage. [potion of mutation]
 76970 | Pan      | Lost mutation: You occasionally lose the ability to read
                  | scrolls when taking damage. [potion of mutation]
 76970 | Pan      | Gained mutation: Armour fits poorly on your strangely
                  | shaped body. [potion of mutation]
 76970 | Pan      | Gained mutation: Your spells are easier to cast, but less
                  | powerful. [potion of mutation]
 76970 | Pan      | Gained mutation: You are strong-willed. (Will+) [potion of
                  | mutation]
 77577 | Pan      | Noticed Mnoleg
 77592 | Pan      | Gained mutation: You are frail. (-10% HP) [Mnoleg's
                  | mutagenic touch]
 77596 | Pan      | Gained mutation: You are vulnerable to heat. (rF-)
                  | [Mnoleg's mutagenic touch]
 77627 | Pan      | Gained mutation: You are vulnerable to cold. (rC-)
                  | [Mnoleg's mutagenic touch]
 77642 | Pan      | Got a glowing rune of Zot
 77744 | Pan      | Killed Mnoleg
 77814 | Pan      | Gained mutation: Your body sometimes deteriorates upon
                  | taking damage. [a cacodemon]
 77824 | Pan      | Lost mutation: You are frail. (-10% HP) [potion of
                  | mutation]
 77824 | Pan      | Lost mutation: You are vulnerable to cold. (rC-) [potion of
                  | mutation]
 77824 | Pan      | Lost mutation: You are strong-willed. (Will+) [potion of
                  | mutation]
 77824 | Pan      | Gained mutation: You are dopey. (Int -2) [potion of
                  | mutation]
 77824 | Pan      | Lost mutation: You are vulnerable to heat. (rF-) [potion of
                  | mutation]
 77824 | Pan      | Gained mutation: You are covered in fur. (AC +1) [potion of
                  | mutation]
 77832 | Pan      | Entered the realm of Lom Lobon.
 78208 | Pan      | Noticed Lom Lobon
 78212 | Pan      | Killed Lom Lobon
 78213 | Pan      | Got a magical rune of Zot
 78323 | Pan      | Entered the realm of Gloorx Vloq.
 78553 | Pan      | Reached skill level 10 in Axes
 78613 | Pan      | Identified the +1 ring mail of Gozag's Outrage {Int+5}
 78634 | Pan      | Noticed Gloorx Vloq
 78673 | Pan      | Reached skill level 1 in Shapeshifting
 79606 | Pan      | Killed Gloorx Vloq
 79711 | Pan      | Got a dark rune of Zot
 79952 | Pan      | Reached skill level 5 in Shapeshifting
 79988 | Pan      | Identified the "Vovyl"
 80313 | Pan      | Found a white marble altar of Elyvilon.
 80404 | Pan      | Identified the +4 tower shield "Roruos" {Contam Rampage
                  | rElec}
 80416 | Pan      | Identified the +1 buckler of Winter {Harm}
 80479 | Pan      | Identified the +0 tower shield "Zyeqaerom" {-Tele Rampage
                  | rElec rC+}
 80687 | Pan      | Identified the +7 morningstar of Riynni Jupi {elec, rN+
                  | Str+3}
 80744 | Pan      | Identified the +8 great sword of Darkness {venom, rF+ Dex+2
                  | Stlth-}
 80744 | Pan      | Identified the amulet "Hewnesass" {Spirit Regen+ Int+2
                  | SInv}
 80744 | Pan      | Noticed a seraph
 80748 | Pan      | Killed a seraph
 80757 | Pan      | Found a glowing golden altar of the Shining One.
 80798 | Depths:2 | Escaped Pandemonium
 80800 | Pan      | Identified the "Vuget"
 80800 | Pan      | Identified the "Firek"
 80800 | Pan      | Entered Pandemonium
 80860 | Pan      | Found an exit through the horrors of the Abyss.
 80961 | Depths:2 | Escaped Pandemonium
 80990 | Pan      | Identified the of Manluit
 80990 | Pan      | Entered Pandemonium
 81095 | Pan      | Reached skill level 5 in Armour
 81134 | Pan      | Identified the "Boedorre"
 81134 | Pan      | Entered the realm of Cerebov.
 81341 | Pan      | Reached skill level 10 in Shapeshifting
 81482 | Pan      | Identified the +2 war axe "Parabb" {freeze, rPois}
 81482 | Pan      | Identified the ring "Lirit" {rPois rF++ Str+3}
 81487 | Pan      | Identified the amulet of Hyudegoz {Spirit rPois rC++ Dex-2}
 81509 | Pan      | Identified the +1 robe "Dugg" {Fly rCorr MP+9 Archmagi}
 81525 | Pan      | Found the +6 sword of Cerebov {flame}
 81525 | Pan      | Noticed Cerebov
 81698 | Pan      | Killed Cerebov
 81723 | Pan      | Got a fiery rune of Zot
 81802 | Pan      | Identified the staff of Tumult {rElec Str+5 Air}
 82060 | Pan      | Found an exit through the horrors of the Abyss.
 82076 | Pan      | Took an exit into the Abyss.
 82076 | Abyss:1  | Escaped into the Abyss
 82249 | Abyss:1  | Found a corrupted altar of Lugonu.
 82260 | Abyss:1  | Found a corrupted altar of Lugonu.
 82273 | Abyss:1  | Found a corrupted altar of Lugonu.
 82337 | Abyss:1  | Found a corrupted altar of Lugonu.
 82559 | Abyss:3  | Identified the "Pujong"
 82765 | Abyss:3  | Found a corrupted altar of Lugonu.
 82872 | Abyss:3  | Noticed a dread lich
 82877 | Abyss:3  | Killed a dread lich
 83124 | Abyss:3  | Reached skill level 15 in Shapeshifting
 83141 | Abyss:3  | Found a shimmering altar of Xom.
 83147 | Abyss:3  | Got an abyssal rune of Zot
 83173 | Abyss:3  | Noticed a dread lich
 83183 | Abyss:3  | Killed a dread lich
 83205 | Depths:2 | Escaped the Abyss
 83208 | Depths:2 | Lost mutation: You have supernaturally acute eyesight.
                  | (SInv) [potion of mutation]
 83208 | Depths:2 | Lost mutation: You are dopey. (Int -2) [potion of mutation]
 83208 | Depths:2 | Lost mutation: You have very sharp teeth. [potion of
                  | mutation]
 83208 | Depths:2 | Lost mutation: Your spells are easier to cast, but less
                  | powerful. [potion of mutation]
 83209 | Depths:2 | Lost mutation: Your spells are a little easier to cast, but
                  | a little less powerful. [potion of mutation]
 83209 | Depths:2 | Lost mutation: Armour fits poorly on your strangely shaped
                  | body. [potion of mutation]
 83209 | Depths:2 | Gained mutation: You are covered in thick fur. (AC +2)
                  | [potion of mutation]
 83209 | Depths:2 | Gained mutation: You have supernaturally acute eyesight.
                  | (SInv) [potion of mutation]
 83261 | Hell     | Entered the Vestibule of Hell
 83263 | Hell     | Noticed Geryon
 83269 | Hell     | Killed Geryon
 83455 | Hell     | Found a gateway to the decaying netherworld of Tartarus.
 83498 | Hell     | Found a gateway to the freezing wastes of Cocytus.
 83513 | Coc:1    | Entered Level 1 of Cocytus
 83674 | Coc:2    | Noticed a dread lich
 83686 | Coc:2    | Killed a dread lich
 84482 | Coc:7    | Entered Level 7 of Cocytus
 84657 | Coc:7    | Reached skill level 10 in Armour
 85203 | Coc:7    | Identified the staff "Demon's Curse" {rN+ Stlth+ Necro}
 85203 | Coc:7    | Noticed Antaeus
 85208 | Coc:7    | Killed Antaeus
 85219 | Coc:7    | Got an icy rune of Zot
 85334 | Tar:1    | Entered Level 1 of Tartarus
 85404 | Tar:3    | Noticed a dread lich
 85411 | Tar:3    | Noticed a dread lich
 85412 | Tar:3    | Killed a dread lich
 85414 | Tar:3    | Killed a dread lich
 85584 | Tar:4    | You are sucked into a shaft and drop 2 floors!
 85688 | Tar:7    | Entered Level 7 of Tartarus
 86200 | Tar:7    | Noticed the Serpent of Hell
 86214 | Tar:7    | Killed the Serpent of Hell
 86371 | Tar:7    | Noticed Ereshkigal
 86384 | Tar:7    | Paralysed by Ereshkigal for 4 turns
 86400 | Tar:7    | Paralysed by Ereshkigal for 2 turns
 86427 | Tar:7    | Paralysed by Ereshkigal for 4 turns
 86523 | Tar:7    | Identified the +8 plate armour of Tomorrow {Will+ MP+9}
 86524 | Tar:7    | Identified the +4 scale mail of Minor Irritation {Fly Will+
                  | MP+9}
 86588 | Tar:7    | Got a bone rune of Zot
 86594 | Tar:7    | Identified the +10 trident of Death's Door {venom, *Rage
                  | Will+ Dex+3 SInv}
 86845 | Hell     | Found a gateway to the Iron City of Dis.
 86851 | Dis:1    | Entered Level 1 of the Iron City of Dis
 87215 | Dis:4    | Noticed a juggernaut
 87215 | Dis:4    | Noticed a juggernaut
 87215 | Dis:4    | Noticed a juggernaut
 87215 | Dis:4    | Noticed a juggernaut
 87219 | Dis:4    | Killed a juggernaut
 87219 | Dis:4    | Killed a juggernaut
 87219 | Dis:4    | Killed a juggernaut
 87219 | Dis:4    | Killed a juggernaut
 87323 | Dis:5    | Reached skill level 15 in Armour
 88135 | Dis:7    | Entered Level 7 of the Iron City of Dis
 88427 | Dis:7    | Noticed a juggernaut
 88436 | Dis:7    | Killed a juggernaut
 88524 | Dis:7    | Noticed a juggernaut
 88528 | Dis:7    | Killed a juggernaut
 88776 | Dis:7    | Noticed a juggernaut
 88783 | Dis:7    | Killed a juggernaut
 88925 | Dis:7    | Identified the +8 falchion "Wusatety" {protect, rElec}
 88925 | Dis:7    | Noticed Dispater
 88929 | Dis:7    | Killed Dispater
 88946 | Dis:7    | Identified the staff "Weeshuogu" {rElec rF+ Air}
 88949 | Dis:7    | Got an iron rune of Zot
 89187 | Hell     | Found a gateway to the ashen valley of Gehenna.
 89197 | Geh:1    | Entered Level 1 of Gehenna
 89584 | Geh:3    | Lost mutation: Your body sometimes deteriorates upon taking
                  | damage. [potion of mutation]
 89584 | Geh:3    | Lost mutation: You are covered in thick fur. (AC +2)
                  | [potion of mutation]
 89584 | Geh:3    | Lost mutation: You are clumsy. (Dex -2) [potion of
                  | mutation]
 89584 | Geh:3    | Gained mutation: You are occasionally teleported next to
                  | monsters. [potion of mutation]
 89585 | Geh:3    | Lost mutation: You are covered in fur. (AC +1) [potion of
                  | mutation]
 89585 | Geh:3    | Lost mutation: You have supernaturally acute eyesight.
                  | (SInv) [potion of mutation]
 89585 | Geh:3    | Gained mutation: Your natural rate of healing is unusually
                  | fast. [potion of mutation]
 89585 | Geh:3    | Gained mutation: You are dopey. (Int -2) [potion of
                  | mutation]
 89586 | Geh:3    | Lost mutation: Your natural rate of healing is unusually
                  | fast. [potion of mutation]
 89586 | Geh:3    | Lost mutation: You are occasionally teleported next to
                  | monsters. [potion of mutation]
 89586 | Geh:3    | Gained mutation: You sometimes lose your temper in combat.
                  | [potion of mutation]
 89586 | Geh:3    | Lost mutation: You are dopey. (Int -2) [potion of mutation]
 89586 | Geh:3    | Gained mutation: You are dopey. (Int -2) [potion of
                  | mutation]
 89587 | Geh:3    | Lost mutation: You are dopey. (Int -2) [potion of mutation]
 89587 | Geh:3    | Lost mutation: You sometimes lose your temper in combat.
                  | [potion of mutation]
 89587 | Geh:3    | Gained mutation: You are weak. (Str -2) [potion of
                  | mutation]
 89587 | Geh:3    | Gained mutation: You are robust. (+10% HP) [potion of
                  | mutation]
 89986 | Geh:6    | Noticed an ancient lich
 89991 | Geh:6    | Killed an ancient lich
 89997 | Geh:6    | Noticed an ancient lich
 90001 | Geh:6    | Killed an ancient lich
 90024 | Geh:6    | Noticed a dread lich
 90029 | Geh:6    | Killed a dread lich
 90101 | Geh:7    | Entered Level 7 of Gehenna
 90549 | Geh:7    | Reached skill level 27 in Shields
 90690 | Geh:7    | Found the +13 sceptre of Asmodeus
 90690 | Geh:7    | Noticed Asmodeus
 90701 | Geh:7    | Killed Asmodeus
 90722 | Geh:7    | Identified the +9 flail "Qoblis" {flame, rN+}
 90776 | Geh:7    | Found the +3 hat of Pondering {ponderous, Will+ MP+10
                  | Int+5}
 90809 | Geh:7    | Got an obsidian rune of Zot
 90993 | Hell     | Learned a level 5 spell: Yara's Violent Unravelling
 91373 | Tomb:1   | Entered Level 1 of the Tomb of the Ancients
 91520 | Tomb:1   | Noticed a royal mummy
 91528 | Tomb:1   | Noticed a royal mummy
 91529 | Tomb:1   | Killed a royal mummy
 91531 | Tomb:1   | Noticed a royal mummy
 91548 | Tomb:1   | Killed a royal mummy
 91549 | Tomb:1   | Killed a royal mummy
 91794 | Tomb:2   | Noticed a royal mummy
 91794 | Tomb:2   | Noticed a royal mummy
 91794 | Tomb:2   | Noticed a royal mummy
 91794 | Tomb:2   | Noticed a royal mummy
 91798 | Tomb:2   | Killed a royal mummy
 91813 | Tomb:2   | Killed a royal mummy
 91815 | Tomb:2   | Killed a royal mummy
 91821 | Tomb:2   | Killed a royal mummy
 91924 | Tomb:1   | Noticed a royal mummy
 91924 | Tomb:1   | Noticed a royal mummy
 91924 | Tomb:1   | Noticed a royal mummy
 91924 | Tomb:1   | Noticed a royal mummy
 91925 | Tomb:1   | Noticed a royal mummy
 91926 | Tomb:1   | Noticed a royal mummy
 91928 | Tomb:1   | Killed a royal mummy
 91928 | Tomb:1   | Killed a royal mummy
 91928 | Tomb:1   | Noticed a royal mummy
 91931 | Tomb:1   | Killed a royal mummy
 91931 | Tomb:1   | Killed a royal mummy
 91931 | Tomb:1   | Killed a royal mummy
 91932 | Tomb:1   | Killed a royal mummy
 91933 | Tomb:1   | Reached skill level 27 in Fighting
 91940 | Tomb:1   | Killed a royal mummy
 91960 | Tomb:1   | Noticed a royal mummy
 91967 | Tomb:1   | Noticed a royal mummy
 91975 | Tomb:1   | Killed a royal mummy
 91986 | Tomb:1   | Killed a royal mummy
 91987 | Tomb:1   | Reached skill level 27 in Ice Magic
 91990 | Tomb:1   | Noticed a royal mummy
 92007 | Tomb:1   | Killed a royal mummy
 92036 | Tomb:1   | Noticed a royal mummy
 92047 | Tomb:1   | Noticed a royal mummy
 92050 | Tomb:1   | Killed a royal mummy
 92068 | Tomb:1   | Killed a royal mummy
 92137 | Tomb:1   | Noticed a royal mummy
 92147 | Tomb:1   | Killed a royal mummy
 92184 | Tomb:1   | Noticed a royal mummy
 92202 | Tomb:1   | Killed a royal mummy
 92203 | Tomb:1   | Noticed a royal mummy
 92203 | Tomb:1   | Noticed a royal mummy
 92217 | Tomb:1   | Killed a royal mummy
 92222 | Tomb:1   | Killed a royal mummy
 92225 | Tomb:1   | Reached skill level 27 in Air Magic
 92243 | Tomb:1   | Noticed a royal mummy
 92256 | Tomb:1   | Killed a royal mummy
 92339 | Tomb:3   | Entered Level 3 of the Tomb of the Ancients
 92381 | Tomb:3   | Noticed a royal mummy
 92383 | Tomb:3   | Noticed a royal mummy
 92385 | Tomb:3   | Killed a royal mummy
 92386 | Tomb:3   | Killed a royal mummy
 92420 | Tomb:3   | Noticed a royal mummy
 92424 | Tomb:3   | Noticed a royal mummy
 92427 | Tomb:3   | Noticed a royal mummy
 92428 | Tomb:3   | Noticed a royal mummy
 92430 | Tomb:3   | Noticed a royal mummy
 92431 | Tomb:3   | Noticed a royal mummy
 92433 | Tomb:3   | Killed a royal mummy
 92438 | Tomb:3   | Killed a royal mummy
 92440 | Tomb:3   | Killed a royal mummy
 92443 | Tomb:3   | Noticed a royal mummy
 92446 | Tomb:3   | Killed a royal mummy
 92477 | Tomb:3   | Killed a royal mummy
 92477 | Tomb:3   | Killed a royal mummy
 92479 | Tomb:3   | Killed a royal mummy
 92517 | Tomb:3   | Got a golden rune of Zot
 93190 | Zot:5    | Entered Level 5 of the Realm of Zot
 93273 | Zot:5    | Noticed an ancient lich
 93274 | Zot:5    | Noticed an orb of fire
 93274 | Zot:5    | Noticed an ancient lich
 93281 | Zot:5    | Killed an orb of fire
 93282 | Zot:5    | Killed an ancient lich
 93282 | Zot:5    | Killed an ancient lich
 93289 | Zot:5    | Noticed an orb of fire
 93293 | Zot:5    | Killed an orb of fire
 93306 | Zot:5    | Noticed an orb of fire
 93308 | Zot:5    | Noticed a dread lich
 93311 | Zot:5    | Killed an orb of fire
 93317 | Zot:5    | Noticed an orb of fire
 93317 | Zot:5    | Noticed an orb of fire
 93328 | Zot:5    | Noticed an orb of fire
 93329 | Zot:5    | Killed a dread lich
 93330 | Zot:5    | Noticed an orb of fire
 93331 | Zot:5    | Noticed an orb of fire
 93331 | Zot:5    | Killed an orb of fire
 93332 | Zot:5    | Killed an orb of fire
 93333 | Zot:5    | Killed an orb of fire
 93336 | Zot:5    | Noticed an orb of fire
 93342 | Zot:5    | Killed an orb of fire
 93346 | Zot:5    | Killed an orb of fire
 93351 | Zot:5    | Killed an orb of fire
 93374 | Zot:5    | Noticed an ancient lich
 93377 | Zot:5    | Killed an ancient lich
 93417 | Zot:5    | Noticed an ancient lich
 93421 | Zot:5    | Killed an ancient lich
 93635 | Zot:5    | Got the Orb of Zot
 93656 | Zot:5    | Noticed Zapsouto the pandemonium lord
 93668 | Zot:5    | Killed Zapsouto the pandemonium lord
 93706 | Zot:5    | Noticed Gitiemat the pandemonium lord
 93710 | Zot:5    | Reached skill level 15 in Axes
 93713 | Zot:5    | Killed Gitiemat the pandemonium lord
 93815 | Zot:2    | Noticed Kaennyn the pandemonium lord
 93822 | Zot:2    | Killed Kaennyn the pandemonium lord
 94049 | D:15     | Noticed Bunu the pandemonium lord
 94052 | D:15     | Killed Bunu the pandemonium lord
 94413 | D:$      | Escaped with the Orb!

Illustrated notes

Levels and vault maps discovered:
D:1:      zelgadis_glass_arrival_small, layout_rooms
D:2:      layout_rooms, basic_altar
D:3:      layout_basic, nzn_hepliaklqana_mist_gate, tso_altar,
          mainiacjoe_overflow_surrounded_room, serial_corexii_hall,
          corexii_hall_statues_i, corexii_hall_statues_i, serial_shops, shop
D:4:      layout_loops_ring, lemuel_doored_altar,
          nicolae_ossuary_entry_monument, uniq_duvessa, uniq_sigmund,
          uniq_crazy_yiuf_cottage
D:5:      layout_loops_ring, nicolae_qazlal_style_of_elements,
          minmay_temple_entry_mini_moons, uniq_eustachio, uniq_grinder
D:6:      kb_forest_paths, layout_loops_ring, nemelex_xobeh_ov_fountains_minmay,
          ebering_ghost_xom
D:7:      layout_basic, mainiacjoe_overflow_brackets,
          grunt_temple_overflow_open, enter_bailey_5, minmay_lizard_king
D:8:      layout_basic, gammafunk_temple_overflow_elements,
          roderic_three_in_a_row
D:9:      layout_basic, serial_shops, nicolae_shop_tiny_waterfront,
          minmay_between, uniq_maurice
D:10:     layout_roguey, nicolae_wu_jian_wuxing_cycle,
          nicolae_trove_entry_diagonal, st_stairs_12,
          minmay_fractal_squares_diagonal_5
D:11:     layout_basic, david_lair_shrubbed, zombieorc1_lemuel
D:12:     layout_irregular_city, roderic_roman_lattice,
          kennysheep_generic_room_15
D:13:     kennysheep_room_grid, layout_loops_ring,
          hellmonk_vaults_order_and_chaos, serial_shops, nicolae_shop_peninsula,
          wad_rectangle_vault, uniq_jorgrun
D:14:     layout_layer_cave, nicolae_transmutations_shop, solitary_fountain,
          roderic_lattice_a, grunt_ministairs_2
D:15:     grunt_enter_depths_snipers, layout_layer_cave
Temple:   nicolae_temple_bog_church
Lair:1:   layout_loops_ring
Lair:2:   layout_cave_pods, nicolae_snake_entry_squirm, gauntlet_entry_generic,
          gammafunk_ghost_wrathful_warriors, infiniplex_staircase_pool,
          uniq_gastronok
Lair:3:   layout_gridlike, mainiacjoe_swamp_entry_lozenge_pond,
          serial_bayou_shore_a
Lair:4:   nzn_winding_woodlands_three_and_one
          [nzn_winding_woodlands_5x15_zeroes, nzn_winding_woodlands_5x15_cabin,
          nzn_winding_woodlands_5x15_jagged,
          nzn_winding_woodlands_center_triple_pond], layout_regular_city,
          slime_entry_1
Lair:5:   minmay_lair_end_enchanted_forest, layout_gridlike, basic_altar,
          evilmike_ambush [evilmike_ambush_outer_pillars,
          evilmike_ambush_inner_basic]
Swamp:1:  layout_basic_swamp, gammafunk_ghost_abyssal_escape,
          evilmike_swamp_ruin_rubble_2, nicolae_swamp_decorative_isthmus,
          uniq_louise
Swamp:2:  layout_basic_swamp, lemuel_altar_in_water
Swamp:3:  layout_falls_marsh, evilmike_swamp_ruin_house_2
Swamp:4:  nzn_swamp_witches_coven, layout_basic_swamp, swamp_pool_5,
          nicolae_swamp_spooky_pond
Snake:1:  layout_honeycomb
Snake:2:  layout_misc_corridors, nicolae_snake_gridmaze_entwining, drop_trap
Snake:3:  layout_onion_interference, minmay_shop_star, lemuel_fruit_tree,
          grunt_megastairs_1
Snake:4:  hellmonk_snake_rune_quicksilver_temple, layout_layer_cave,
          nicolae_shop_sticking_my_neck_out, uniq_kirke, uniq_vashnia,
          uniq_aizul
Slime:1:  layout_caves
Slime:2:  layout_caves, nicolae_slime_getting_an_eyeful
Slime:3:  layout_caves
Slime:4:  layout_caves
Slime:5:  slime_pit_nicolae_inversion
Orc:1:    layout_caves, portal_ice_cave_entry_pillars_1
Orc:2:    st_orc_rangers, layout_diamond_mine, mines1_david
Elf:1:    eino_elf_arrival_sip, layout_loops_ring, orc_legates,
          minmay_shop_grove
Elf:2:    nicolae_elf_blades_crystal_corner, layout_geoelf_octagon,
          serial_shops, nicolae_shop_stone
Elf:3:    elf_hall, layout_loops_cross, minmay_fountain_box, uniq_zenata
Vaults:1: nicolae_vaults_variable_pillar_hall, hangedman_vaults_variations,
          vaults_room_door_ring, nicolae_vaults_circle_grid_a,
          hangedman_vaults_cutoff, nicolae_vaults_asterisk,
          nicolae_vaults_tetromino_Z_1, hangedman_vaults_slice,
          nicolae_vaults_more_shelving_1, v_misc_15, nicolae_vaults_heist,
          layout_vaults_omnicross
Vaults:2: st_lattice, nicolae_vaults_cornered_office, v_alt_pattern_1,
          vaults_room_grid, grunt_vaults_funnel, v_pattern_1,
          nicolae_vaults_house_3, nicolae_vaults_tetromino_L_2,
          ontoclasm_vaults_twist, nicolae_vaults_alarming,
          layout_vaults_chaotic_city
Vaults:3: minmay_crypt_entry_necro_gods, grunt_vaults_twisty,
          hangedman_vaults_stretched_pinwheel, nicolae_vaults_tetromino_T_1,
          v_misc_16, nicolae_vaults_tetromino_T_1,
          nicolae_vaults_storage_room_statues, v_misc_8, layout_vaults_omnigrid
Vaults:4: nicolae_vaults_inception_scallops, nicolae_vaults_what_the_h,
          nicolae_vaults_trapezoid_layered, nicolae_vaults_hallways_thing,
          hangedman_vaults_stagger, v_misc_12, nicolae_vaults_house_2,
          nicolae_vaults_sightless_eye, vaults_room_corners, v_misc_32,
          nicolae_vaults_house_1, layout_vaults_omnibox, serial_shops,
          nicolae_shop_window_shopping
Vaults:5: serial_shops
Crypt:1:  layout_chaotic_city, corner_web_ring, roderic_lattice_octagonal_star
Crypt:2:  layout_chaotic_city, not_door_vault_due, uniq_boris
Crypt:3:  church_of_pain_bobbens, layout_chaotic_city, uniq_mennas
Tomb:1
Tomb:2
Tomb:3
Depths:1: layout_gridlike, enter_ziggurat_b, hell_entry, fountainhead,
          serial_shops, nicolae_shop_tiny_glass, grunt_decor_resistance,
          kennysheep_okawaru_gauntlet
Depths:2: lemuel_vampire_tower, layout_honeycomb, hell_entry,
          grunt_pan_entry_zigzag, abyss_entry, serial_sigils_hangedman_shear,
          hangedman_abyss_or_decor_jellyfish_corner, minmay_shop_mass,
          nicolae_shop_vocational, uniq_josephina
Depths:3: hangedman_cross_stitches, layout_cave_shapes, minmay_misc_feat_cross,
          abyss_entry, grunt_pan_entry_spiral, hell_entry, uniq_norris,
          uniq_frederick, uniq_parghit
Depths:4: grunt_zot_entry_funnels, layout_gridlike, hell_entry, bloody_trog,
          serial_shops, shop, abyss_entry, minmay_guarded_unrand_curses,
          minmay_shoptagon, uniq_enchantress
Hell
Dis:1:    hangedman_dis_decor_blocks_talon, layout_subdivisions,
          nrook_loot_triangle
Dis:2:    layout_subdivisions
Dis:3:    layout_regular_city
Dis:4:    layout_subdivisions, nicolae_dis_step_into_the_octagon
Dis:5:    layout_gridville
Dis:6:    layout_gridville, nicolae_dis_strange_trophy_room
Dis:7:    dis_grunt_layers
Geh:1:    layout_gehenna_lava_caves
Geh:2:    layout_gehenna_lava_caves, nicolae_geh_lavax
Geh:3:    layout_gehenna_pools_basic
Geh:4:    layout_gehenna_pools_basic
Geh:5:    nicolae_geh_seventh_circle, layout_gehenna_pools_box
Geh:6:    layout_gehenna_pools_basic, nicolae_geh_lava_rosette
Geh:7:    geh_mu
Coc:1:    layout_cocytus_water_paths
Coc:2:    layout_ice_bergs
Coc:3:    layout_cocytus_water_paths
Coc:4:    layout_cocytus_delve, nicolae_coc_kraken_the_ice
Coc:5:    layout_cocytus_water_paths
Coc:6:    layout_cocytus_delve, nicolae_hells_seeping_fissure
Coc:7:    coc_hangedman
Tar:1:    nicolae_tar_checkpoint_tarlie, layout_cathedral_of_symmetry,
          nicolae_tar_cuneiform_to_be
Tar:2:    layout_catacombs
Tar:3:    layout_cathedral_of_symmetry
Tar:4:    layout_grid_maze, lemuel_nasty_fountain
Tar:6:    layout_grid_maze
Tar:7:    tar_minmay_river
Zot:1:    layout_basic
Zot:2:    layout_basic, regret_index_zotdec_banners, uniq_vv
Zot:3:    layout_misc_corridors, skrybe_zot_glass_3
Zot:4:    layout_basic, regret_index_zotdec_barnacled_simple
Zot:5:    layout_gridlike

Skill      XL: |  1  2  3  4  5  6  7  8  9 10 11 12 13 14 15 16 17 18 19 20 21 22 23 24 25 26 |
---------------+-------------------------------------------------------------------------------+-----
Maces & Flails | 4 5 6 7 8 9 10 11 12 13 14 | 14.0
Translocations | 1 2 3 5 7 |  7.7
Ice Magic      | 1 2 3 5 6 9 11 13 15 16 17 18 19 20 21 22 24 27 | 27.0
Conjurations   | 4 5 6 7 8 9 10 11 13 14 15 16 25 | 25.0
Fighting       | 4 5 7 9 10 12 13 14 15 17 18 19 20 21 27 | 27.0
Dodging        | 3 5 6 8 10 12 13 14 15 19 | 19.9
Spellcasting   | 3 4 6 7 8 9 10 11 12 13 15 24 | 24.3
Air Magic      | 1 3 5 7 10 13 14 16 18 20 22 27 | 27.0
Shields        | 4 8 11 13 14 15 16 18 27 | 27.0
Transmutations | 2 3 |  3.3
Necromancy     | 1 3 |  3.3
Armour         | 3 19 | 19.9
Axes           | 15 | 15.5
Shapeshifting  | 23 | 23.3

Action                     |  1- 3 |  4- 6 |  7- 9 | 10-12 | 13-15 | 16-18 | 19-21 | 22-24 | 25-27 || total
---------------------------+-------+-------+-------+-------+-------+-------+-------+-------+-------++-------
  Melee: Mace              |    91 |    74 |   145 |       |       |       |       |       |       ||   310
         Punch             |       |     2 |     1 |     2 |     5 |       |       |       |       ||    10
         Morningstar       |       |       |       |   242 |   297 |   377 |   875 |   408 |   285 ||  2484
         Bite              |       |       |       |       |       |       |   163 |   109 |   240 ||   512
         Broad axe         |       |       |       |       |       |       |       |       |  1359 ||  1359
         Staff             |       |       |       |       |       |       |       |       |   242 ||   242
  Throw: Stone             |     1 |       |       |       |       |       |       |       |       ||     1
         Throwing net      |       |     2 |       |       |       |       |       |       |       ||     2
         Dart              |       |       |       |     7 |       |       |       |       |       ||     7
         Javelin           |       |       |       |       |       |     2 |       |       |       ||     2
   Cast: Kiss of Death     |     1 |     3 |       |       |       |       |       |       |       ||     4
         Momentum Strike   |     8 |     9 |    57 |    22 |    13 |     4 |       |       |       ||   113
         Hailstorm         |       |     6 |    52 |    64 |   197 |   182 |   309 |   124 |   268 ||  1202
         Magic Dart        |       |       |   110 |   103 |    36 |     3 |    17 |       |       ||   269
         Searing Ray       |       |       |     1 |     3 |     7 |     3 |     3 |       |       ||    17
         Freezing Cloud    |       |       |       |    31 |   182 |   154 |   130 |    36 |     1 ||   534
         Blink             |       |       |       |       |     3 |     1 |       |     1 |     3 ||     8
         Ozocubu's Refrige |       |       |       |       |       |   115 |   166 |   133 |   447 ||   861
         Vhi's Electric Ch |       |       |       |       |       |    28 |    27 |     1 |     7 ||    63
         Irradiate         |       |       |       |       |       |       |    54 |    60 |   146 ||   260
         Passwall          |       |       |       |       |       |       |     2 |       |     3 ||     5
         Simulacrum        |       |       |       |       |       |       |     1 |    53 |     9 ||    63
         Orb of Destructio |       |       |       |       |       |       |       |    33 |       ||    33
         Apportation       |       |       |       |       |       |       |       |     4 |    36 ||    40
         Maxwell's Capacit |       |       |       |       |       |       |       |    44 |   262 ||   306
         Polar Vortex      |       |       |       |       |       |       |       |       |   259 ||   259
         Chain Lightning   |       |       |       |       |       |       |       |       |   220 ||   220
 Invoke: Reject Sacrifices |       |       |       |     1 |     3 |     1 |       |       |       ||     5
         Sacrifice Artific |       |       |       |     1 |       |       |       |       |       ||     1
         Draw Out Power    |       |       |       |     1 |     1 |     7 |     6 |    10 |    49 ||    74
         Sacrifice Resista |       |       |       |     1 |       |       |       |       |       ||     1
         Sacrifice Stealth |       |       |       |       |     1 |       |       |       |       ||     1
         Sacrifice Experie |       |       |       |       |       |     1 |       |       |       ||     1
         Apocalypse        |       |       |       |       |       |       |     1 |       |     9 ||    10
         Power Leap        |       |       |       |       |       |       |     1 |     2 |     3 ||     6
Ability: Hop               |       |     2 |     4 |     8 |    11 |     7 |    21 |    22 |    48 ||   123
         Begin Untransform |       |       |       |       |       |       |       |       |     4 ||     4
  Evoke: Wand              |       |       |       |     6 |       |       |       |       |       ||     6
    Use: Scroll            |       |    10 |     7 |    15 |     9 |     1 |    12 |     8 |    49 ||   111
         Potion            |       |     2 |     8 |    13 |     1 |     4 |    20 |    13 |    42 ||   103
   Stab: Sleeping          |       |       |       |     4 |       |       |       |       |       ||     4
         Distracted        |       |       |       |     1 |       |     3 |     4 |     4 |    10 ||    22
         Invisible         |       |       |       |       |       |     5 |    11 |     6 |    11 ||    33
         Paralysed         |       |       |       |       |       |     2 |     9 |     1 |     7 ||    19
 Armour: Leather armour    |    53 |    53 |   100 |   162 |   208 |   246 |   439 |   253 |   237 ||  1751
         Acid dragon scale |       |       |       |       |       |       |       |       |  1292 ||  1292
  Dodge: Dodged            |    57 |    54 |   127 |   152 |   251 |   295 |   409 |   285 |   751 ||  2381
  Block: Kite shield       |       |       |       |       |       |   140 |   558 |   420 |  3226 ||  4344
         Tower shield      |       |       |       |       |       |       |       |       |    78 ||    78
   Form: Death             |       |       |       |       |       |       |       |       |     5 ||     5

Table legend: (Time is in decaauts)
 A = Elapsed time spent in this place.
 B = Non-inter-level travel time spent in this place.
 C = Inter-level travel time spent in this place.
 D = Time resting spent in this place.
 E = Time spent auto-exploring this place.
 F = Levels seen in this place.
 G = Mean time per level.
                   A        B        C        D        E       F      G
               +--------+--------+--------+--------+--------+-----+--------+
         Total | 104669 |  94638 |  10031 |  20264 |  39875 | 120 |  872.2 |
       Dungeon |  22374 |  19151 |   3223 |   3129 |  11036 |  15 | 1491.6 |
        Temple |      1 |      1 |      0 |      0 |      0 |   1 |    1.0 |
          Lair |   7236 |   6513 |    723 |    814 |   3969 |   5 | 1447.2 |
         Swamp |   4147 |   3904 |    243 |    454 |   2293 |   4 | 1036.8 |
     Snake Pit |   6911 |   6266 |    645 |    620 |   4010 |   4 | 1727.8 |
    Slime Pits |   1226 |   1172 |     54 |    467 |      0 |   5 |  245.2 |
  Orcish Mines |   1810 |   1546 |    264 |    163 |    777 |   2 |  905.0 |
   Elven Halls |   5403 |   4981 |    422 |   1009 |   2175 |   3 | 1801.0 |
        Vaults |  10652 |   9090 |   1562 |   1515 |   5000 |   5 | 2130.4 |
         Crypt |   7151 |   6672 |    479 |   2735 |   2032 |   3 | 2383.7 |
          Tomb |   1562 |   1351 |    211 |     54 |     59 |   3 |  520.7 |
        Depths |  10065 |   9004 |   1061 |   3116 |   3373 |   4 | 2516.2 |
          Hell |    719 |    621 |     98 |    252 |     77 |   1 |  719.0 |
           Dis |   2252 |   2147 |    105 |    704 |    291 |   7 |  321.7 |
       Gehenna |   1900 |   1660 |    240 |    527 |    101 |   7 |  271.4 |
       Cocytus |   1922 |   1850 |     72 |    585 |     39 |   7 |  274.6 |
      Tartarus |   1520 |   1460 |     60 |    301 |     20 |   6 |  253.3 |
           Zot |   6010 |   5449 |    561 |    995 |   2953 |   5 | 1202.0 |
         Abyss |   1244 |   1244 |      0 |     21 |    271 |   3 |  414.7 |
   Pandemonium |   7007 |   7007 |      0 |   1446 |   1288 |  18 |  389.3 |
      Ziggurat |    385 |    385 |      0 |    182 |      0 |   7 |   55.0 |
         Trove |     98 |     98 |      0 |      0 |      0 |   1 |   98.0 |
       Ossuary |    601 |    601 |      0 |    234 |     16 |   1 |  601.0 |
        Bailey |    751 |    751 |      0 |    349 |      0 |   1 |  751.0 |
      Ice Cave |    814 |    814 |      0 |    196 |     86 |   1 |  814.0 |
      Gauntlet |    896 |    896 |      0 |    389 |      0 |   1 |  896.0 |
               +--------+--------+--------+--------+--------+-----+--------+

Top non-repeatable levels by time:
Depths:2: 4746 daAuts
 Crypt:1: 2910 daAuts
Vaults:3: 2631 daAuts
Vaults:1: 2510 daAuts
    D:11: 2449 daAuts
 Crypt:3: 2444 daAuts
 Snake:4: 2264 daAuts
     D:9: 2057 daAuts
    D:13: 2034 daAuts
Depths:1: 2029 daAuts
   Elf:2: 1999 daAuts
    D:14: 1953 daAuts
Vaults:2: 1950 daAuts
Depths:4: 1947 daAuts
 Snake:3: 1915 daAuts
